 Dungeon Crawl Stone Soup version 0.31-a0-978-g1e143483b6 (webtiles) character file.

Game seed: 4472164065603948027

2012480 MackTheKnife the Slayer (level 27, 181/181 (182) HPs)
             Began as a Gargoyle Earth Elementalist on Oct 29, 2023.
             Was an Initiate of Gozag.
             Escaped with the Orb
             ... and 4 runes on Oct 30, 2023!
             The game lasted 03:33:04 (86711 turns).

MackTheKnife the Slayer (GrEE)                     Turns: 86711, Time: 03:33:05

HP:   181/181 (182) AC: 51    Str: 21    XL:     27
MP:   63/63         EV: 21    Int: 26    God:    Gozag
Gold: 865           SH: 18    Dex: 27    Spells: 4/54 levels left

rFire   + + .        m - +9 demon whip (elec) {mace}
rCold   + + .        w - +2 kite shield {rC+}
rNeg    + + .        S - +8 fire dragon scales
rPois   ∞            X - -2 hat of the Alchemist {rElec rPois rF+ rC+ rN+ Will+ rMut rCorr}
rElec   +            i - +2 cloak {Will+}
rCorr   +            N - +2 pair of gloves {hurl}
SInv    +            T - +2 pair of boots {rampage}
Will    ++++.        f - amulet of Irrepressible Laughter {RegenMP MP+9 Str-4 Int+3 SInv}
Stlth   ++           V - ring "Paicoll" {rElec MP+9 Str+6 Dex+5 Slay+3 Stlth-}
HPRegen 0.50/turn    H - ring of the Nine Spirits {Ice Drain MP+9 Dex+8 Stlth+}
MPRegen 0.78/turn

%: resist mutation, rampage
@: flying, studying 2 skills, lightly drained
A: sickness immunity, AC +20, big wings, negative energy resistance 1,
electricity resistance, torment resistance 1, petrification resistance, low MP
1, screaming 1, strong 2, MP-powered wands
0: Orb of Zot
}: 4/15 runes: decaying, serpentine, slimy, silver
a: Renounce Religion, Potion Petition, Call Merchant, Bribe Branch


You escaped.
You worshipped Gozag.
Gozag was pleased with you.
You visited 12 branches of the dungeon, and saw 56 of its levels.
You also visited: Sewer, Gauntlet, Ice Cave and Desolation.

You collected 29270 gold pieces.
You spent 10411 gold pieces at shops.
You paid 17994 gold pieces to Gozag.


Innate Abilities, Weirdness & Mutations

You are immune to sickness and miasma.
Your stone body is resilient. (AC +20)
You are immune to poison.
Your large and strong wings let you fly.
You resist negative energy. (rN+)
You are resistant to electric shocks. (rElec)
You are resistant to unholy torment.
You are immune to petrification.
Your magical capacity is low. (-10% MP)
You occasionally shout uncontrollably at your foes.
Your muscles are very strong. (Str +8, Int/Dex -2)
You expend magic power (3 MP) to strengthen your wands.


   Skills:
 - Level 21.0 Fighting
 - Level 12.0 Maces & Flails
 - Level 16.0 Armour
 - Level 14.0 Dodging
 - Level 16.2 Stealth
 - Level 15.0 Shields
 - Level 14.0 Spellcasting
 - Level 12.0 Conjurations
 + Level 14.9 Summonings
 - Level 14.0 Necromancy
 + Level 14.9 Translocations
 - Level 0.7 Transmutations
 - Level 10.0 Ice Magic
 - Level 8.0 Air Magic
 - Level 10.0 Earth Magic
 - Level 6.3 Evocations


You had 4 spell levels left.
You knew the following spells:

 Your Spells              Type           Power      Damage    Failure   Level
a - Malign Gateway        Summ/Tloc      38%        N/A       21%         7
b - Mephitic Cloud        Conj/Pois/Air  52%        N/A       2%          3
c - Blink                 Tloc           100%       N/A       1%          2
d - Stone Arrow           Conj/Erth      100%       3d13      1%          3
e - Freezing Cloud        Conj/Ice/Air   40%        6-21      4%          5
f - Borgnjor's Vile Clut  Necr/Erth      34%        N/A       2%          5
g - Summon Forest         Summ/Tloc      38%        N/A       1%          5
h - Vhi's Electric Charg  Tloc/Air       100%       N/A       1%          4
i - Death Channel         Necr           37%        N/A       5%          6
j - Dispersal             Tloc           38%        N/A       3%          6
k - Passage of Golubria   Tloc           77%        N/A       1%          4

Your spell library contained the following spells:

 Spells                   Type           Power      Damage    Failure   Level
 Apportation              Tloc           100%       N/A       1%          1
 Foxfire                  Conj/Fire      100%       2x1d9     1%          1
 Freeze                   Ice            100%       1d10      1%          1
 Kiss of Death            Conj/Necr      100%       2d13      1%          1
 Magic Dart               Conj           100%       1d8       1%          1
 Necrotise                Necr           100%       1d9       1%          1
 Sandblast                Erth           100%       2d20      1%          1
 Shock                    Conj/Air       100%       1d9       1%          1
 Call Imp                 Summ           100%       N/A       1%          2
 Ensorcelled Hibernation  Hex/Ice        100%       N/A       1%          2
 Passwall                 Tmut/Erth      38%        N/A       1%          2
 Static Discharge         Conj/Air       100%       3-8/arc   1%          2
 Frozen Ramparts          Ice            100%       1d16      1%          3
 Gell's Gravitas          Tloc           77%        N/A       1%          3
 Hailstorm                Conj/Ice       85%        3d17      1%          3
 Ozocubu's Armour         Ice            81%        N/A       1%          3
 Summon Guardian Golem    Hex/Summ       54%        N/A       1%          3
 Swiftness                Air            56%        N/A       1%          3
 Teleport Other           Tloc           77%        N/A       1%          3
 Vampiric Draining        Necr           74%        2d11      1%          3
 Volatile Blastmotes      Fire/Tloc      100%       2d18      1%          3
 Brom's Barrelling Bould  Conj/Erth      66%        2d8       1%          4
 Iskenderun's Mystic Bla  Conj/Tloc      73%        2d15      1%          4
 Manifold Assault         Tloc           77%        N/A       1%          4
 Summon Ice Beast         Ice/Summ       90%        N/A       1%          4
 Summon Lightning Spire   Summ/Air       67%        N/A       1%          4
 Dazzling Flash           Conj/Hex       98%        N/A       2%          3
 Poisonous Vapours        Pois/Air       78%        N/A       3%          2
 Airstrike                Air            28%        2d(4-20)  4%          4
 Dimensional Bullseye     Hex/Tloc       27%        N/A       4%          4
 Anguish                  Hex/Necr       26%        N/A       6%          4
 Flame Wave               Conj/Fire      49%        2d12      9%          4
 Sticky Flame             Conj/Fire      49%        2d7       9%          4
 Sting                    Tmut/Pois      80%        1d7       10%         1
 Petrify                  Tmut/Erth      46%        N/A       12%         4
 Leda's Liquefaction      Hex/Erth       22%        N/A       14%         4
 Jinxbite                 Hex            36%        N/A       16%         2
 Scorch                   Fire           36%        2d6       16%         2
 Ignite Poison            Fire/Tmut/Pois 19%        N/A       30%         3
 Inner Flame              Hex/Fire       18%        N/A       32%         3
 Tukima's Dance           Hex            18%        N/A       32%         3
 Cause Fear               Hex            9%         N/A       71%         4
 Olgreb's Toxic Radiance  Pois           18%        N/A       71%         4
 Agony                    Necr           74%        N/A       1%          5
 Iskenderun's Battlesphe  Conj           69%        2d12      2%          5
 Summon Cactus Giant      Summ           38%        N/A       3%          6
 Arcjolt                  Conj/Air       31%        1d41      4%          5
 Summon Mana Viper        Hex/Summ       54%        N/A       14%         5
 Irradiate                Conj/Tmut      25%        3d20      22%         5
 Haunt                    Necr/Summ      38%        N/A       24%         7
 Conjure Ball Lightning   Conj/Air       31%        3x3d10    26%         6
 Metabolic Englaciation   Hex/Ice        30%        N/A       36%         5
 Spellforged Servitor     Conj/Summ      36%        N/A       36%         7
 Silence                  Hex/Air        19%        N/A       50%         5
 Orb of Destruction       Conj           34%        9d10      54%         7
 Starburst                Conj/Fire      24%        6d8       80%         6
 Ozocubu's Refrigeration  Ice            40%        4d16      83%         7
 Disjunction              Tloc           38%        N/A       83%         8
 Summon Horrible Things   Summ           38%        N/A       83%         8
 Borgnjor's Revivificati  Necr           37%        N/A       92%         8
 Infestation              Necr           37%        N/A       92%         8
 Alistair's Intoxication  Tmut/Pois      13%        N/A       95%         5
 Yara's Violent Unravell  Hex/Tmut       10%        3d6       95%         5
 Plasma Beam              Fire/Air       19%        2x1d31    97%         6
 Eringya's Noxious Bog    Tmut/Pois      10%        4d6       100%        6
 Enfeeble                 Hex            9%         N/A       100%        7
 Discord                  Hex            9%         N/A       100%        8
 Ignition                 Fire           9%         3d5       100%        8
 Lehudib's Crystal Spear  Conj/Erth      33%        10d8      100%        8
 Maxwell's Capacitive Co  Air            28%        ∞         100%        8
 Death's Door             Necr           37%        N/A       100%        9
 Shatter                  Erth           31%        3d26*     100%        9
 Cigotuvi's Dreadful Rot  Necr/Pois/Air  Unusable   N/A       N/A         2
 Sublimation of Blood     Necr           Unusable   N/A       N/A         2
 Animate Dead             Necr           Unusable   N/A       N/A         4
 Simulacrum               Ice/Necr       Unusable   N/A       N/A         6

Inventory:

Hand Weapons
 m - a +9 demon whip of electrocution (weapon) {mace}
   (You took it off Amaemon on level 3 of the Lair of Beasts)
 v - a +7 demon whip of draining {mace}
   (You took it off a hell knight on level 3 of the Depths)
Armour
 i - a +2 cloak of willpower (worn)
   (You found it in a Gauntlet)
 w - a +2 kite shield of cold resistance (worn)
   (You bought it in a shop on level 1 of the Lair of Beasts)
 B - the +0 chain mail of Gonav {Fly rCorr Int+2}
   (You found it on level 5 of the Pits of Slime)

   Int+2:     It affects your intelligence (+2).
   Fly:       It grants you flight.
   rCorr:     It protects you from acid and corrosion.
 N - a +2 pair of gloves of hurling (worn)
   (You found it in the Desolation of Salt)
 S - +8 fire dragon scales (worn)
   (You bought it in a shop on level 2 of the Orcish Mines)
 T - a +2 pair of boots of rampaging (worn)
   (You bought it in a shop on level 1 of the Snake Pit)
 X - the -2 hat of the Alchemist (worn) {rElec rPois rF+ rC+ rN+ Will+ rMut rCorr}
   (You bought it in a shop on level 2 of the Elven Halls)

   rF+:       It protects you from fire.
   rC+:       It protects you from cold.
   rElec:     It insulates you from electricity.
   rPois:     It protects you from poison rN+: It protects you from negative
   energy.
   Will+:     It increases your willpower.
   rCorr:     It protects you from acid and corrosion.
   rMut:      It protects you from mutation.
Jewellery
 f - the amulet of Irrepressible Laughter (around neck) {RegenMP MP+9 Str-4 Int+3 SInv}
   (You bought it in a shop on level 2 of the Snake Pit)

   [amulet of magic regeneration]

   RegenMP:   It increases your rate of magic regeneration.
   Str-4:     It affects your strength (-4).
   Int+3:     It affects your intelligence (+3).
   MP+9:      It affects your magic capacity (+9).
   SInv:      It lets you see invisible.
 H - the ring of the Nine Spirits (right hand) {Ice Drain MP+9 Dex+8 Stlth+}
   (You found it in an ice cave)

   [ring of ice]

   Ice:       It enhances your ice magic.
   Dex+8:     It affects your dexterity (+8).
   rF-:       It makes you vulnerable to fire.
   rC+:       It protects you from cold.
   MP+9:      It affects your magic capacity (+9).
   Drain:     It drains your maximum health when unequipped.
   Stlth+:    It makes you more stealthy.
 V - the ring "Paicoll" (left hand) {rElec MP+9 Str+6 Dex+5 Slay+3 Stlth-}
   (You took it off a naga mage on level 3 of the Snake Pit)

   [ring of strength]

   Str+6:     It affects your strength (+6).
   Dex+5:     It affects your dexterity (+5).
   Slay+3:    It affects your accuracy & damage with ranged weapons and melee
   (+3).
   rElec:     It insulates you from electricity.
   MP+9:      It affects your magic capacity (+9).
   Stlth-:    It makes you less stealthy.
Wands
 a - a wand of flame (65)
   (You took it off an orc on level 7 of the Dungeon)
 D - a wand of acid (17)
   (You found it on level 5 of the Vaults)
 E - a wand of mindburst (34)
   (You found it on level 9 of the Dungeon)
 G - a wand of paralysis (58)
   (You took it off a kobold on level 9 of the Dungeon)
 M - a wand of roots (51)
   (You found it on level 1 of the Lair of Beasts)
 P - a wand of polymorph (26)
   (You found it on level 3 of the Lair of Beasts)
 U - a wand of digging (15)
   (You found it on level 1 of the Vaults)
Scrolls
 d - 6 scrolls of poison
 e - 12 scrolls of immolation {!r!r}
 h - 10 scrolls of fear
 j - 4 scrolls of fog
 p - 10 scrolls of teleportation {@r4}
 q - 5 scrolls of silence {!r}
 s - 4 scrolls of revelation
 C - 8 scrolls of blinking {!r}
 F - 7 scrolls of amnesia
 I - 3 scrolls of vulnerability {!r!r}
 K - 25 scrolls of identify {@r1}
 O - a scroll of torment {!r}
 W - 3 scrolls of summoning
Potions
 b - 5 potions of magic
 c - a potion of cancellation
 g - 11 potions of enlightenment
 k - 3 potions of resistance
 l - 26 potions of curing {@q1}
 o - 4 potions of ambrosia
 r - 6 potions of berserk rage {!q}
 t - 9 potions of brilliance
 u - 16 potions of heal wounds {@q2}
 x - 4 potions of haste {@q3}
 z - 7 potions of might
 A - 8 potions of mutation {!q}
 J - 4 potions of invisibility
Miscellaneous
 n - a phial of floods
   (You found it on level 5 of the Lair of Beasts)
 y - a box of beasts
   (You found it on level 5 of the Vaults)
 L - a lightning rod (4/4)
   (You found it on level 5 of the Vaults)
 Q - a phantom mirror
   (You found it on level 5 of the Vaults)
 R - a tin of tremorstones (1/2) {throwing}
   (You found it on level 5 of the Vaults)

Dungeon Overview and Level Annotations

Branches:
Dungeon (15/15)            Temple (1/1) D:4            Lair (5/5) D:11
  Swamp (4/4) Lair:2        Snake (4/4) Lair:2        Slime (5/5) Lair:4
    Orc (2/2) D:11            Elf (3/3) Orc:2        Vaults (5/5) D:13
  Crypt (3/3) Vaults:3       Tomb (0/3) Crypt:3      Depths (4/4) D:15
    Zot (5/5) Depths:4      Sewer (visited)           IceCv (visited)
Desolation (visited)      Gauntlet (visited)

Altars:
Ashenzari
Cheibriados
Dithmenos
Elyvilon
Fedhas
Gozag
Hepliaklqana
Kikubaaqudgha
Makhleb
Nemelex Xobeh
Okawaru
Qazlal
Ru
Sif Muna
Trog
Uskayaw
Vehumet
Wu Jian
Xom
Yredelemnul
Zin
The Shining One
Jiyva

Shops:
D:5 [   Orc:2 ::[**   Elf:2 ***[?   Lair:1 [   Lair:2 (   Lair:4 ?   Snake:1 [:
Snake:2 =   Vaults:1 (=   Vaults:5 =!?   Crypt:3 ?

Portals:
Hell: Depths:1 Depths:2 Depths:3 Depths:4
Abyss: Depths:3 Depths:4
Pandemonium: Orc:2 Depths:2 Depths:3
Ziggurat: Depths:1

Annotations:
D:4 1 runed translucent door, suckswine's ghost, amateur GnWn
D:5 exclusion: downstairs
D:6 2 transporters, exclusion: door, Cris's ghost, novice DsFi
Lair:2 exclusion: oklob plant
Lair:3 Nessos
Lair:4 Rupert
Snake:2 3 runed translucent doors, morax's ghost, adept FoFi
Snake:3 3 runed translucent doors, Hih Uni's ghost, journeyman MiFi
Elf:2 3 runed translucent doors
Crypt:3 exclusion: 3 doors
Zot:5 exclusion: 2 upstairs

.....).###.# #..........
...........# #..........
..........># #..........
#.......#################........
....#...#≈≈≈≈≈≈≈≈≈≈≈≈≈≈≈#(.......
#.#...#.#≈≈≈≈≈.....≈≈≈≈≈##.####.#
#.#####.#≈≈....~~~....≈≈##.# ##>
..# #.#≈...~~~.~~~...≈#..# ## ###
#.#≈..~~..@.~~~......# #
#.#≈...4~~.~~~...≈##.# ##
#.#≈≈....~~~....≈≈##.# #.
####≈≈≈≈≈.....≈≈≈≈≈##.# #.
#..#≈≈≈≈≈≈≈.≈≈≈≈≈≈≈##.# ##.
#.#########.#########.####..
#.#.# #.# ##......... #.#.# ##.#
#....####.. #.#.######..# #..>##
##.


You could see a red devil.


Message History

😮 HP[-7]
You now have 179 max hp (-3).
You take 7 damage, and now have 120/179 hp.
Unknown command.
Blink to where?
Press: ? - help, Dir - move target
As you read the scroll of blinking {!r}, it crumbles to dust. 😮 HP[+1]
The Tzitzimitl gestures at you. The bolt of negative energy misses you.
You fly upwards.
Level annotation: exclusion: downstairs
There is a stone staircase leading down here. 😮 HP[+1]
You feel much better. 😕 HP[+22]
You regained 22 hp, and now have 144/179 hp.
There is a fountain of clear blue water here.
There is a stone staircase leading up here. 😕 HP[+20]
You regained 20 hp, and now have 164/179 hp.
You fly upwards.
Level annotation: 1 runed translucent door, suckswine's ghost, amateur GnWn
There is a stone staircase leading down here. 😕 HP[+1] 😕 HP[+1]
You feel better. 😕 HP[+10]
You regained 10 hp, and now have 176/179 hp.
You feel better. 😎 HP[+3]
Your hp is fully restored (179).
There is a stone staircase leading up here.
You fly upwards.
There is a stone staircase leading down here.
What level of the Dungeon? (default 5, ? - help)
There is an escape hatch in the ceiling here.
You see here a +0 dagger {short}.
A green death comes into view.
The green death gestures at you. The poison arrow misses you.
Casting: Borgnjor's Vile Clutch (mildly dangerous; 2% risk of failure)
Confirm with . or Enter, or press ? or * to list all spells.
Charge where?
Press: ? - help, Dir - move target, f - green death
Aim: a green death (94% to hit)
You charge forward with an electric crackle!
You thrash the green death and electrocute it!!
Lightning courses through the green death!
You block the green death's attack. 😎 MP[-4]
You lost 4 mp, and now have 59/63 mp.
You whack the green death! 😎 MP[+1]
You thrash the green death!! The green death completely misses you.
You thrash the green death!!
You kill the green death! 😕 MP[+1]
You now have 180 max hp (+1).
No target in view!
No target in view!
You now have 861 gold pieces (gained 21). 😎 HP[+1] MP[+1]
Your hp is fully restored (180).
A shadow demon comes into view. 😎 MP[+1]
Your mp is fully restored (63).
You can't go up here!
Casting: Vhi's Electric Charge (mildly dangerous; 1% risk of failure)
Confirm with . or Enter, or press ? or * to list all spells.
Charge where?
Press: ? - help, Dir - move target, f - shadow demon
Aim: a shadow demon (85% to hit)
You charge forward with an electric crackle!
You thrash the shadow demon and electrocute it!!
You block the shadow demon's attack. 😎 MP[-3]
You lost 3 mp, and now have 60/63 mp.
You whack the shadow demon!
Lightning courses through the shadow demon!
You kill the shadow demon!
You now have 181 max hp (+1).
No target in view!
No target in view!
You now have 865 gold pieces (gained 4). 😎 HP[+1] MP[+2]
Your hp is fully restored (181).
You regained 2 mp, and now have 62/63 mp. 😎 MP[+1]
Your mp is fully restored (63).
There is a stone staircase leading up here.
You fly upwards.
There is a stone staircase leading down here.
What level of the Dungeon? (default 3, ? - help)
There is a stone staircase leading up here.
You fly upwards.
There is a stone staircase leading down here.
A red devil comes into view.
It is wielding a +2 demon trident of venom.
There is a staircase leading out of the dungeon here.
You have escaped!

Skill      XL: |  1  2  3  4  5  6  7  8  9 10 11 12 13 14 15 16 17 18 19 20 21 22 23 24 25 26 |
---------------+-------------------------------------------------------------------------------+-----
Fighting       | 1 2 6 8 10 12 16 19 20 21 | 21.0
Earth Magic    | 4 5 6 8 9 10 | 10.0
Summonings     | 1 2 3 9 11 14 | 14.9
Spellcasting   | 3 4 6 8 9 10 12 14 | 14.0
Conjurations   | 1 3 4 8 9 12 | 12.0
Armour         | 3 4 5 9 10 15 16 | 16.0
Dodging        | 2 4 7 9 13 14 | 14.0
Shields        | 6 8 13 15 | 15.0
Evocations     | 4 6 |  6.3
Ice Magic      | 4 7 10 | 10.0
Air Magic      | 4 6 8 |  8.0
Maces & Flails | 8 11 12 | 12.0
Necromancy     | 4 6 11 14 | 14.0
Translocations | 2 7 8 10 11 14 | 14.9
Stealth        | 9 16 | 16.2
Transmutations | |  0.7

Action                     |  1- 3 |  4- 6 |  7- 9 | 10-12 | 13-15 | 16-18 | 19-21 | 22-24 | 25-27 || total
---------------------------+-------+-------+-------+-------+-------+-------+-------+-------+-------++-------
  Melee: Dagger            |    15 |       |       |       |       |       |       |       |       ||    15
         Short sword       |       |    28 |    35 |    76 |    65 |    11 |     8 |       |       ||   223
         Punch             |       |       |     1 |       |       |       |       |       |       ||     1
         Demon whip        |       |       |       |       |    88 |    42 |  1249 |  1064 |  1505 ||  3948
         Headbutt          |       |       |       |       |    18 |    11 |   471 |   463 |   551 ||  1514
  Throw: Dart              |       |       |       |    12 |       |       |       |       |       ||    12
   Cast: Sandblast         |    57 |    79 |    89 |   137 |    14 |     1 |       |       |       ||   377
         Call Imp          |       |    12 |    11 |    17 |     1 |     1 |       |       |       ||    42
         Stone Arrow       |       |       |    50 |   226 |   483 |   560 |    38 |     9 |     1 ||  1367
         Brom's Barrelling |       |       |       |    27 |     2 |       |       |       |       ||    29
         Freezing Cloud    |       |       |       |       |   119 |   157 |    86 |    98 |    46 ||   506
         Borgnjor's Vile C |       |       |       |       |    16 |   135 |   206 |   278 |   167 ||   802
         Death Channel     |       |       |       |       |       |       |       |    17 |    18 ||    35
         Summon Forest     |       |       |       |       |       |       |       |     8 |     4 ||    12
         Vhi's Electric Ch |       |       |       |       |       |       |       |     6 |    13 ||    19
         Malign Gateway    |       |       |       |       |       |       |       |       |     9 ||     9
 Invoke: Call Merchant     |       |       |     1 |     1 |     1 |     1 |     1 |       |     4 ||     9
         Potion Petition   |       |       |       |       |     2 |       |       |       |       ||     2
         Bribe Branch      |       |       |       |       |       |       |       |       |     2 ||     2
  Evoke: Wand              |       |       |       |     9 |     4 |     2 |     8 |     8 |     8 ||    39
         Phial of floods   |       |       |       |       |       |     1 |       |     2 |       ||     3
         Box of beasts     |       |       |       |       |       |       |       |       |     1 ||     1
         Phantom mirror    |       |       |       |       |       |       |       |       |     1 ||     1
         Tin of tremorston |       |       |       |       |       |       |       |       |     2 ||     2
    Use: Scroll            |       |       |    10 |     7 |    21 |     3 |    15 |    16 |    35 ||   107
         Potion            |       |       |       |       |     2 |       |     1 |     5 |    24 ||    32
   Stab: Paralysed         |       |       |       |     2 |     2 |       |     3 |     1 |       ||     8
         Sleeping          |       |       |       |       |     1 |       |     1 |       |    13 ||    15
         Distracted        |       |       |       |       |       |     1 |    12 |     9 |    24 ||    46
 Armour: Robe              |    24 |    21 |    50 |       |       |       |       |       |       ||    95
         Leather armour    |       |       |    21 |   165 |   245 |   393 |    96 |       |       ||   920
         Fire dragon scale |       |       |       |       |       |       |   452 |   609 |   728 ||  1789
  Dodge: Dodged            |    30 |    33 |    56 |   201 |   231 |   269 |   563 |   389 |   558 ||  2330
  Block: Buckler           |       |       |     2 |   101 |    92 |   121 |   136 |       |       ||   452
         Kite shield       |       |       |       |       |       |       |   427 |   618 |   873 ||  1918

Levels and vault maps discovered:
D:1:      dpeg_arrival_shrine, layout_loops_ring
D:2:      layout_basic, shapermc_ecumenical_altar_gd,
          minmay_goblin_kobold_house, uniq_crazy_yiuf_cottage, uniq_terence
D:3:      layout_loops_corners, serial_forest, infiniplex_forest_zigzag_2,
          infiniplex_forest_end_1, infiniplex_forest_clump_curved,
          infiniplex_forest_clump_small, infiniplex_forest_clump_cross,
          minmay_close_crescents
D:4:      layout_loops_cross, lemuel_coloured_pillars_altar,
          mainiacjoe_overflow_alcove_4, minmay_temple_entry_arrows,
          portal_sewer_entry_b, ebering_ghost_sewer_d, st_stairs_5
D:5:      layout_basic, nicolae_overflow_hidden_temple, dreamdust_wishing_well,
          grunt_ministairs_9
D:6:      nicolae_whirlpool, layout_rooms, nicolae_vehumet_altar_sigil,
          grunt_dithmenos_smoke, gammafunk_ghost_arena, minmay_pentangle
D:7:      layout_basic, old_standard_altar
D:8:      layout_loops_cross, mainiacjoe_overflow_24_doors
D:9:      layout_basic, dancing_weapons_uskayaw
D:10:     layout_long_grid, uniq_josephine
D:11:     layout_basic, dpeg_oklobed_lair, david_orc_3
D:12:     layout_long_grid
D:13:     layout_roguey, grunt_vaults_entry_tiered
D:14:     layout_basic, grunt_decor_arrowhead
D:15:     hangedman_depths_entry_civil_slaughter, layout_basic
Temple:   dpeg_chambers_temple
Lair:1:   statuecave_lemuel, layout_small_grid,
          grunt_forest_small_clearing_treed, serial_bayou_shore_b,
          infiniplex_staircase_pool_2, uniq_joseph
Lair:2:   layout_cave_pods, minmay_swamp_entry_swarm,
          alex1729_snake_entry_snake, hangedman_lair_unloving_vines,
          chequers_serial_rivers_micro_a, grunt_forest_stairs_basic,
          minmay_holes, lemuel_oklob_altar, uniq_harold
Lair:3:   layout_cellular_growth, serial_bayou_shore_a, grunt_megastairs_1,
          uniq_nessos, uniq_amaemon
Lair:4:   layout_loops_ring, nicolae_slime_entry_slimehenge, uniq_rupert
Lair:5:   minmay_lair_end_enchanted_forest, layout_loops_ring,
          gauntlet_entry_generic, nicolae_quartered_pool_impasse
Swamp:1:  layout_basic_swamp, nicolae_swamp_feature_on_the_river_bank,
          st_shrine_of_shade
Swamp:2:  layout_basic_swamp, gammafunk_ghost_wrathful_warriors,
          evilmike_swamp_ruin_house_5, swamp_pool3, beargit_kiku_chapel
Swamp:3:  layout_basic_swamp, evilmike_swamp_ruin_house_4, swamp_pool1,
          infiniplex_staircase_pool
Swamp:4:  swamp_basic_johnstein, layout_basic_swamp, swamp_pool2, uniq_mara
Snake:1:  layout_chambers, serial_shops, nicolae_shop_tiny_real_fake_doors,
          nicolae_shop_self_help, serial_bayou_shore_b, serial_bayou_shore_b,
          lemuel_fruit_tree
Snake:2:  layout_cave_town, gammafunk_ghost_necromancy, serial_shops,
          nicolae_shop_back_alley_shop, uniq_vashnia
Snake:3:  layout_cave_shapes, ebering_ghost_rock_garden
Snake:4:  snake_pit, layout_onion, portal_ice_cave_entry_ugly_swarm,
          nicolae_snake_lava_pool, grunt_megastairs_5
Slime:1:  layout_caves, cheibrodos_slime_lost_civilization_6
Slime:2:  layout_caves
Slime:3:  layout_caves
Slime:4:  layout_caves, nicolae_slime_phagocytosis
Slime:5:  slime_pit
Orc:1:    layout_caves
Orc:2:    pf_orc_diabolical, layout_caves, minmay_orc_temple_c
Elf:1:    elf_arrival_002, layout_geoelf_octagon, minmay_elf_annihilation,
          einodemon_crawler_minivault, uniq_azrael
Elf:2:    elven_hall_of_blades_hangedman_original
          [nicolae_vaults_blade_armed_guards], layout_geoelf_octagon,
          serial_shops, nicolae_shop_real_fake_doors, shop, shop,
          nicolae_shop_rolled_up, shop, serial_sigils_hangedman_scratch
Elf:3:    minmay_elf_hall, layout_geoelf_castle
Vaults:1: nicolae_vaults_little_squares_4, nicolae_vaults_sightless_eye,
          nicolae_vaults_border_crossing, dpeg_vaults_pockets_of_resistance,
          nicolae_vaults_network_star, vaults_room_grid, ontoclasm_vaults_fault,
          grunt_vaults_focal, v_misc_4, nicolae_vaults_double_plus_1,
          nicolae_vaults_specimen_jars, layout_vaults_omnigrid, serial_shops,
          nicolae_shop_trees
Vaults:2: hangedman_vaults_maws, hangedman_vaults_stitches,
          nicolae_vaults_turnstiles, v_misc_1, nicolae_vaults_network_periphery,
          vaults_mumra_minichess_inversion, nicolae_vaults_stand_back,
          nicolae_vaults_hallways_thing, nicolae_vaults_tangram_2,
          nicolae_vaults_trapezoid_4, nicolae_vaults_trapezoid_2,
          layout_vaults_big_cross
Vaults:3: portal_desolation_entry_ruin, nicolae_vaults_storage_closets_3,
          nicolae_vaults_three_branches, ontoclasm_vaults_tryst,
          ontoclasm_vaults_gateway, v_misc_15, blue_anna_dwarven_crypt,
          hangedman_vaults_slice, nicolae_vaults_wine_cellar,
          hangedman_vaults_river_flow, vaults_dpeg_encased_lava, v_misc_15,
          nicolae_vaults_apartment_2, nicolae_vaults_closet_pinwheel_1,
          layout_vaults_omnibox
Vaults:4: nicolae_vaults_steering_wheel, nicolae_vaults_shrinking_rooms_2,
          ontoclasm_vaults_shout, hangedman_vaults_slice, vaults_mumra_hexcomb,
          nicolae_vaults_oval_intersection, nicolae_vaults_trapezoid_1,
          nicolae_vaults_house_3, nicolae_vaults_closet_pinwheel_1,
          nicolae_vaults_little_ls, layout_vaults_ring, uniq_norris, uniq_donald
Vaults:5: serial_shops
Crypt:1:  layout_chaotic_city
Crypt:2:  layout_chaotic_city, roderic_lattice_octagonal_star,
          lemuel_upstairs_altar
Crypt:3:  david_glass_crypt, layout_rooms, tomb_entry_simple_bobbens,
          uniq_zenata
Depths:1: layout_roguey, enter_ziggurat_e, grunt_hell_entry_dis_grunt,
          minivault_16, nzn_wu_jian_council_hall, serial_bayou_shore_b,
          uniq_nikola
Depths:2: minmay_four_inscribed_fans, layout_cave_shapes,
          rand_demon_pan_entry_5, hangedman_abyss_or_decor_lesser_grid,
          hell_entry, minivault_21, uniq_grunn
Depths:3: minmay_heptahexagon, layout_basic, minmay_misc_feat_secret_circle,
          grunt_mini_vestibule, pan_entry, abyss_entry, uniq_mennas,
          uniq_margery
Depths:4: evilmike_zot_entry_basic, layout_gridlike, gammafunk_ghost_icy,
          minmay_room_of_horrors, pf_coc_iceberg, uniq_enchantress, uniq_vv
Zot:1:    layout_cathedral_of_symmetry
Zot:2:    layout_basic, regret_index_zotdec_split_disrupt, grunt_ministairs_4,
          hangedman_zot_decor_checkerboard, grunt_megastairs_3
Zot:3:    layout_gridlike
Zot:4:    regret_index_qazlal_generations, layout_misc_corridors,
          st_single_dragon_hoard_3, regret_index_zotdec_misc_clamp
Zot:5:    layout_basic

Notes
Turn   | Place    | Note
-------+----------+-------------------------------------------
     0 | D:1      | MackTheKnife the Gargoyle Earth Elementalist began the
                  | quest for the Orb.
     0 | D:1      | Reached XP level 1. HP: 10/10 MP: 3/3
     0 | D:1      | magus.rc [v1.9.6]
   141 | D:1      | Reached skill level 1 in Fighting
   165 | D:1      | Reached skill level 4 in Earth Magic
   165 | D:1      | Reached XP level 2. HP: 16/16 MP: 0/5
   410 | D:1      | You pick up a book of Necromancy and begin reading...
   410 | D:1      | You add the spells Necrotise, Vampiric Draining and Agony
                  | to your library.
   612 | D:1      | Reached XP level 3. HP: 21/21 MP: 2/6
   731 | D:1      | You fall into a shaft and drop 1 floor!
   762 | D:2      | Learned a level 2 spell: Passwall
   828 | D:2      | Reached skill level 2 in Fighting
   938 | D:2      | Found a faded altar of an unknown god.
   976 | D:2      | Prayed at the altar of an unknown god.
   976 | D:2      | Became a worshipper of Gozag Ym Sagoz the Greedy
  1071 | D:1      | You pick up a book of Minor Magic and begin reading...
  1071 | D:1      | You add the spells Magic Dart, Call Imp and Mephitic Cloud
                  | to your library.
  1075 | D:1      | Learned a level 2 spell: Call Imp
  1456 | D:2      | Noticed Terence
  1642 | D:2      | Reached skill level 5 in Earth Magic
  1867 | D:2      | Reached XP level 4. HP: 26/26 MP: 4/7
  2226 | D:2      | Killed Terence
  2227 | D:2      | Reached skill level 1 in Summonings
  2520 | D:2      | Found a runed translucent door.
  2521 | D:2      | Noticed Crazy Yiuf
  2555 | D:2      | Learned a level 3 spell: Stone Arrow
  2832 | D:3      | Reached XP level 5. HP: 30/30 MP: 6/8
  3783 | D:4      | Noticed a phantom
  3793 | D:4      | Killed a phantom
  3794 | D:4      | Reached skill level 3 in Spellcasting
  3794 | D:4      | Reached skill level 1 in Conjurations
  3794 | D:4      | Reached skill level 2 in Summonings
  3864 | D:4      | Found a runed translucent door.
  3866 | D:4      | Noticed suckswine's ghost (amateur GnWn)
  3944 | D:4      | Found a staircase to the Ecumenical Temple.
  3949 | D:4      | Reached XP level 6. HP: 35/35 MP: 8/10
  3980 | D:4      | Found a glowing drain.
  4008 | Sewer    | Entered a sewer
  4157 | Sewer    | Noticed Pargi
  4256 | D:4      | Reached skill level 2 in Conjurations
  4304 | D:4      | Found a shimmering blue altar of Sif Muna.
  4500 | D:4      | Found a sparkling altar of Nemelex Xobeh.
  4507 | D:4      | You add the spells Ozocubu's Armour and Ozocubu's
                  | Refrigeration to your library.
  4783 | D:5      | Entered Level 5 of the Dungeon
  4840 | D:5      | Noticed a wyvern
  4874 | Temple   | Entered the Ecumenical Temple
  4991 | D:5      | Noticed a water moccasin
  5000 | D:4      | Killed a water moccasin
  5001 | D:4      | Reached skill level 3 in Conjurations
  5001 | D:4      | Reached skill level 6 in Earth Magic
  5099 | D:4      | Reached XP level 7. HP: 40/40 MP: 8/11
  5253 | D:4      | Reached skill level 4 in Conjurations
  5734 | D:5      | Reached skill level 7 in Earth Magic
  5889 | D:5      | Reached skill level 8 in Earth Magic
  6016 | D:5      | Found a snail-covered altar of Cheibriados.
  6028 | D:5      | You pick up a book of Geomancy and begin reading...
  6163 | D:5      | Killed a wyvern
  6164 | D:5      | Reached skill level 4 in Spellcasting
  6164 | D:5      | Reached XP level 8. HP: 44/44 MP: 0/14
  6401 | D:6      | You pick up a book of Geomancy and begin reading...
  6478 | D:6      | Found a radiant altar of Vehumet.
  6752 | D:6      | Reached skill level 5 in Spellcasting
  6980 | D:5      | Bought a distressingly furry ring mail for 216 gold pieces
  6980 | D:5      | Identified the +0 ring mail of Dirusieg {rElec rF- Int+4}
                  | (You bought it in a shop on level 5 of the Dungeon)
  7176 | D:6      | Reached skill level 6 in Spellcasting
  7420 | D:6      | Reached skill level 3 in Fighting
  7506 | D:6      | Reached skill level 4 in Fighting
  7583 | D:6      | Noticed a purple ugly thing
  7584 | D:6      | Found a transporter.
  7584 | D:6      | Noticed a gargoyle
  7584 | D:6      | Noticed Cris's ghost (novice DsFi)
  7588 | D:6      | Found a transporter.
  7647 | D:6      | Found a shadowy altar of Dithmenos.
  7697 | D:7      | Noticed a two-headed ogre
  7729 | D:7      | You pick up a book of Vapours and begin reading...
  7729 | D:7      | You add the spells Poisonous Vapours and Freezing Cloud to
                  | your library.
  7751 | D:7      | Killed a two-headed ogre
  7752 | D:7      | Reached skill level 6 in Fighting
  7752 | D:7      | Reached skill level 3 in Armour
  7752 | D:7      | Reached skill level 2 in Dodging
  7752 | D:7      | Reached XP level 9. HP: 50/55 MP: 8/18
  8230 | D:5      | Bought an ichor-stained leather armour for 168 gold pieces
  8230 | D:5      | Identified the +2 leather armour of the Miller {rPois rC+}
                  | (You bought it in a shop on level 5 of the Dungeon)
  8352 | D:6      | Reached skill level 3 in Dodging
  8770 | D:7      | Reached skill level 4 in Dodging
  8782 | D:7      | Reached skill level 1 in Shields
  8961 | D:7      | Reached skill level 2 in Shields
  8985 | D:7      | Reached skill level 3 in Shields
  9102 | D:7      | Found an ornate altar of the Wu Jian Council.
  9226 | D:7      | Reached skill level 4 in Shields
  9613 | D:5      | Bought a runed buckler for 180 gold pieces
  9804 | D:8      | Reached skill level 5 in Shields
  9925 | D:8      | Reached skill level 6 in Shields
  9925 | D:8      | Reached XP level 10. HP: 60/60 MP: 8/19
 10055 | D:8      | You pick up a book of Storms and begin reading...
 10055 | D:8      | You add the spells Static Discharge, Airstrike and Summon
                  | Lightning Spire to your library.
 10138 | D:8      | Found an iron altar of Okawaru.
 10269 | D:8      | Reached skill level 4 in Armour
 10564 | D:8      | magus.rc [v1.9.6]
 10594 | D:9      | Noticed a +0 dagger
 10594 | D:9      | Noticed a +0 dagger
 10598 | D:9      | Found a hide-covered altar of Uskayaw.
 10875 | D:9      | Noticed a two-headed ogre
 10898 | D:9      | Killed a two-headed ogre
 10899 | D:9      | Reached skill level 7 in Fighting
 11013 | D:9      | Reached skill level 5 in Dodging
 11728 | D:9      | Reached skill level 8 in Fighting
 12104 | D:10     | Entered Level 10 of the Dungeon
 12264 | D:10     | Reached skill level 6 in Dodging
 12318 | D:10     | Noticed Josephine
 12354 | D:10     | Killed Josephine
 12501 | D:10     | Reached skill level 7 in Dodging
 12633 | D:10     | Reached XP level 11. HP: 68/68 MP: 16/20
 12703 | D:10     | Reached skill level 5 in Armour
 12985 | D:10     | Learned a level 4 spell: Brom's Barrelling Boulder
 13573 | D:11     | Reached skill level 5 in Conjurations
 13573 | D:11     | Noticed a cyclops
 13624 | D:11     | Reached skill level 1 in Evocations
 13722 | D:11     | Found a staircase to the Orcish Mines.
 13737 | D:11     | Reached skill level 2 in Evocations
 14313 | D:11     | Reached skill level 3 in Evocations
 14425 | D:11     | Killed a cyclops
 14514 | D:11     | Found a staircase to the Lair.
 14516 | D:11     | Noticed an oklob plant
 14525 | D:11     | Killed an oklob plant
 14526 | D:11     | Reached skill level 4 in Evocations
 14801 | D:11     | You pick up a book of Air and begin reading...
 14801 | D:11     | You add the spells Shock and Swiftness to your library.
 15007 | Lair:1   | Entered Level 1 of the Lair of Beasts
 15028 | Lair:1   | Reached skill level 7 in Spellcasting
 15109 | Lair:1   | Reached skill level 6 in Conjurations
 15389 | Lair:1   | Noticed Joseph
 15400 | Lair:1   | Killed Joseph
 15652 | Lair:1   | Reached skill level 7 in Conjurations
 15853 | Lair:1   | You add the spells Alistair's Intoxication, Borgnjor's Vile
                  | Clutch and Eringya's Noxious Bog to your library.
 15867 | Lair:1   | Reached skill level 8 in Spellcasting
 16017 | Lair:1   | Noticed a boulder beetle
 16026 | Lair:1   | Noticed a catoblepas
 16030 | Lair:1   | Killed a boulder beetle
 16031 | Lair:1   | Reached skill level 8 in Conjurations
 16031 | Lair:1   | Reached XP level 12. HP: 59/73 MP: 22/24
 16066 | D:11     | Killed a catoblepas
 16266 | D:11     | Reached skill level 9 in Fighting
 16786 | Lair:2   | Reached skill level 10 in Fighting
 16792 | Lair:2   | Learned a level 5 spell: Freezing Cloud
 16918 | Lair:2   | Found a staircase to the Swamp.
 17015 | Lair:2   | Reached skill level 1 in Ice Magic
 17034 | Lair:2   | Reached skill level 1 in Air Magic
 17253 | Lair:2   | Reached skill level 2 in Ice Magic
 17291 | Lair:2   | Found a staircase to the Snake Pit.
 17532 | Lair:2   | Found a radiant altar of Vehumet.
 17537 | Lair:2   | Noticed Harold
 17762 | Lair:2   | Reached skill level 2 in Air Magic
 17860 | Lair:2   | Killed Harold
 18203 | D:2      | Killed Crazy Yiuf
 18457 | Lair:1   | Bought the +3 crown of Dyrovepreva {rElec Int+2 SInv} for
                  | 579 gold pieces
 18457 | Lair:1   | Found the +3 crown of Dyrovepreva {rElec Int+2 SInv}
 18530 | Lair:3   | Reached skill level 3 in Ice Magic
 18530 | Lair:3   | Noticed a death yak
 18594 | Lair:3   | Reached skill level 9 in Conjurations
 18750 | Lair:3   | Noticed Amaemon
 18795 | Lair:3   | Killed Amaemon
 18796 | Lair:3   | Reached skill level 3 in Air Magic
 18798 | Lair:3   | Reached skill level 4 in Ice Magic
 19124 | Lair:3   | Reached skill level 4 in Air Magic
 19124 | Lair:3   | Reached XP level 13. HP: 82/82 MP: 5/25
 19161 | Lair:3   | Reached skill level 5 in Ice Magic
 19211 | Lair:3   | Reached skill level 10 in Conjurations
 19355 | Lair:3   | Noticed Nessos
 19393 | Lair:3   | Identified the +1 leather armour of Bicewnof {-Tele rPois
                  | rN+ Str+3}
 19416 | Lair:3   | Reached skill level 6 in Ice Magic
 20043 | Lair:4   | Reached skill level 5 in Air Magic
 20301 | Lair:4   | You add the spells Tukima's Dance, Passage of Golubria and
                  | Yara's Violent Unravelling to your library.
 20395 | Lair:4   | Found a staircase to the Slime Pits.
 20409 | Lair:4   | Found a viscous altar of Jiyva.
 20545 | Lair:4   | Reached skill level 11 in Conjurations
 20555 | Lair:4   | Reached skill level 6 in Air Magic
 20860 | Lair:4   | Noticed Rupert
 21178 | Lair:5   | Entered Level 5 of the Lair of Beasts
 21224 | Lair:5   | Found a gate leading to a gauntlet.
 21233 | Gauntlet | Entered a Gauntlet
 21233 | Gauntlet | Found a transporter.
 21233 | Gauntlet | Found a transporter.
 21239 | Gauntlet | Found a transporter.
 21242 | Gauntlet | Found a transporter.
 21244 | Gauntlet | Found a transporter.
 21244 | Gauntlet | Found a transporter.
 21281 | Gauntlet | Noticed a cacodemon
 21283 | Gauntlet | Found a transporter.
 21285 | Gauntlet | Found a transporter.
 21285 | Gauntlet | Found a transporter.
 21297 | Gauntlet | Found a transporter.
 21314 | Gauntlet | Found a transporter.
 21315 | Gauntlet | Noticed a cacodemon
 21324 | Gauntlet | Found a transporter.
 21328 | Gauntlet | Found a transporter.
 21364 | Gauntlet | Found a transporter.
 21568 | Gauntlet | Gained mutation: You are occasionally teleported next to
                  | monsters. [a cacodemon]
 21722 | Gauntlet | Lost mutation: You are occasionally teleported next to
                  | monsters. [potion of mutation]
 21722 | Gauntlet | Gained mutation: You have hidden genetic defects. [potion
                  | of mutation]
 21722 | Gauntlet | Gained mutation: Your magical capacity is low. (-10% MP)
                  | [potion of mutation]
 21722 | Gauntlet | Gained mutation: Your body sometimes deteriorates upon
                  | taking damage. [potion of mutation]
 21723 | Gauntlet | Lost mutation: Your magical capacity is low. (-10% MP)
                  | [potion of mutation]
 21723 | Gauntlet | Lost mutation: You have hidden genetic defects. [potion of
                  | mutation]
 21723 | Gauntlet | Gained mutation: You have hidden genetic potential. [potion
                  | of mutation]
 21747 | Gauntlet | Identified the +1 quarterstaff of Courage {freeze, rC+
                  | Str+3 Int+4}
 21747 | Gauntlet | Identified the ring "Qioj" {rPois MP-9 Str+3 Dex+3 SInv}
 21747 | Gauntlet | Noticed a minotaur
 21905 | Lair:5   | Reached skill level 12 in Conjurations
 22126 | Lair:5   | Reached skill level 7 in Ice Magic
 22136 | Lair:5   | Reached skill level 9 in Spellcasting
 22139 | Lair:5   | Gained mutation: Your large and strong wings let you fly.
                  | [Gargoyle growth]
 22139 | Lair:5   | Reached XP level 14. HP: 69/88 MP: 8/27
 22562 | Lair:5   | Reached skill level 10 in Spellcasting
 22587 | Lair:5   | Reached skill level 1 in Maces & Flails
 22748 | Lair:5   | Reached skill level 2 in Maces & Flails
 22830 | Lair:5   | Reached skill level 3 in Maces & Flails
 22952 | Lair:5   | Reached skill level 4 in Maces & Flails
 23420 | Lair:5   | Reached skill level 5 in Maces & Flails
 23458 | Lair:5   | Learned a level 3 spell: Mephitic Cloud
 23464 | Lair:5   | Learned a level 5 spell: Borgnjor's Vile Clutch
 23649 | Lair:5   | Reached skill level 1 in Necromancy
 23982 | Orc:1    | Entered Level 1 of the Orcish Mines
 24127 | Orc:1    | Gained mutation: You have a pair of small horns on your
                  | head. [hidden potential]
 24250 | Orc:1    | Reached skill level 2 in Necromancy
 24450 | Orc:2    | Entered Level 2 of the Orcish Mines
 24610 | Orc:2    | Found a staircase to the Elven Halls.
 24634 | Orc:1    | Reached skill level 6 in Maces & Flails
 25314 | Orc:2    | Reached skill level 3 in Necromancy
 26070 | Orc:2    | Found Toenat's General Store.
 26071 | Orc:2    | Found Dohetis's General Store.
 26173 | Orc:2    | Reached skill level 7 in Maces & Flails
 26245 | Orc:2    | Bought a potion of haste for 140 gold pieces
 26386 | Orc:2    | Reached skill level 4 in Necromancy
 26586 | Orc:2    | Reached skill level 8 in Maces & Flails
 26606 | Orc:2    | Reached XP level 15. HP: 92/92 MP: 14/29
 26625 | Orc:2    | Reached skill level 5 in Necromancy
 26824 | Orc:2    | Found Xulai's Book Boutique.
 26824 | Orc:2    | Found Goob's Antique Armour Shop.
 26859 | Orc:2    | Found a one-way gate leading to the halls of Pandemonium.
 26866 | Orc:2    | Bought a manual of Necromancy for 1040 gold pieces
 26895 | Orc:2    | Bought a scroll of brand weapon for 133 gold pieces
 26895 | Orc:2    | Bought a scroll of enchant weapon for 105 gold pieces
 26895 | Orc:2    | Bought a scroll of identify for 28 gold pieces
 26904 | Orc:2    | Bought a scroll of enchant armour for 127 gold pieces
 26907 | Orc:2    | Bought a scroll of identify for 34 gold pieces
 27018 | Orc:2    | magus.rc [v1.9.6]
 27440 | D:12     | Reached skill level 6 in Necromancy
 27615 | D:12     | Reached skill level 9 in Maces & Flails
 27768 | D:12     | You pick up a book of the Moon and begin reading...
 27768 | D:12     | You add the spells Silence and Lehudib's Crystal Spear to
                  | your library.
 28004 | D:13     | You add the spells Ignite Poison, Sticky Flame and Ignition
                  | to your library.
 28331 | D:13     | You pick up a book of Party Tricks and begin reading...
 28331 | D:13     | You add the spells Apportation and Jinxbite to your
                  | library.
 28352 | D:13     | Reached skill level 10 in Maces & Flails
 28411 | D:13     | Gained mutation: Your muscles are strong. (Str +4, Int/Dex
                  | -1) [hidden potential]
 28411 | D:13     | Lost mutation: You have hidden genetic potential. [hidden
                  | potential expressed]
 28455 | D:13     | Found a gate to the Vaults.
 28653 | D:13     | You pick up a book of Fire and begin reading...
 28653 | D:13     | You add the spells Foxfire, Plasma Beam and Starburst to
                  | your library.
 28828 | D:13     | Identified the +3 chain mail of Qoulowkosyn {rN+ Regen+}
 29142 | D:13     | magus.rc [v1.9.6]
 29203 | D:14     | You pick up a book of the Wilderness and begin reading...
 29203 | D:14     | You add the spells Summon Forest, Summon Mana Viper and
                  | Summon Cactus Giant to your library.
 29224 | D:14     | Reached skill level 11 in Fighting
 29451 | D:14     | Reached skill level 11 in Maces & Flails
 30157 | D:15     | Entered Level 15 of the Dungeon
 30649 | D:15     | Identified the orb "Jiupralo" {*Rage, Int+6}
 30876 | D:15     | Reached skill level 12 in Fighting
 31066 | D:15     | Found a staircase to the Depths.
 31283 | D:15     | Reached XP level 16. HP: 100/101 MP: 8/30
 31640 | Lair:1   | magus.rc [v1.9.6]
 31703 | Snake:1  | Entered Level 1 of the Snake Pit
 31763 | Swamp:1  | Entered Level 1 of the Swamp
 32063 | Snake:1  | Reached skill level 12 in Maces & Flails
 32074 | Snake:1  | Found Siblejos's Self-Improvement Boutique.
 32083 | Snake:1  | Bought a manual of Fighting for 1200 gold pieces
 32149 | Snake:1  | Identified the +7 short sword of Descent {pain, Str+3
                  | Int+5}
 32408 | Snake:1  | Reached skill level 7 in Necromancy
 32409 | Snake:1  | Reached skill level 13 in Fighting
 33173 | Snake:1  | Found Ebesm's Antique Armour Shop.
 33178 | Snake:1  | Bought a pair of embroidered boots for 262 gold pieces
 33412 | Snake:1  | magus.rc [v1.9.6]
 33426 | Snake:2  | Found a runed translucent gate.
 33605 | Snake:2  | Reached skill level 8 in Necromancy
 33724 | Snake:2  | Reached skill level 14 in Fighting
 33817 | Snake:2  | Found a runed translucent gate.
 33817 | Snake:2  | Found a runed translucent gate.
 33822 | Snake:2  | Noticed morax's ghost (adept FoFi)
 33884 | Snake:2  | Found Pucukh's Jewellery Emporium.
 33994 | Snake:2  | Reached skill level 9 in Necromancy
 34064 | Snake:2  | Noticed Vashnia
 34258 | Snake:2  | Killed Vashnia
 34343 | Snake:2  | Reached skill level 10 in Necromancy
 34883 | Snake:2  | magus.rc [v1.9.6]
 35177 | Snake:3  | Reached skill level 11 in Necromancy
 35206 | Snake:3  | Found a runed translucent gate.
 35206 | Snake:3  | Found a runed translucent gate.
 35206 | Snake:3  | Found a runed translucent gate.
 35231 | Snake:3  | Noticed Hih Uni's ghost (journeyman MiFi)
 35353 | Snake:3  | Identified the ring "Paicoll" {rElec MP+9 Str+6 Dex+5
                  | Slay+3 Stlth-}
 35436 | Snake:2  | Bought the amulet of Irrepressible Laughter {RegenMP MP+9
                  | Str-4 Int+3 SInv} for 812 gold pieces
 35903 | Snake:3  | Reached skill level 15 in Fighting
 36205 | Snake:4  | Entered Level 4 of the Snake Pit
 36230 | Snake:4  | Reached skill level 16 in Fighting
 36306 | Snake:4  | Found a frozen archway.
 36324 | Snake:4  | Reached XP level 17. HP: 116/116 MP: 26/31
 36492 | Snake:4  | Reached skill level 17 in Fighting
 36513 | Snake:4  | Identified the +2 scale mail "Pozil" {Will+}
 36520 | IceCv    | Entered an ice cave
 36553 | IceCv    | magus.rc [v1.9.6]
 36891 | IceCv    | Reached skill level 18 in Fighting
 37302 | IceCv    | Found a viscous altar of Jiyva.
 37350 | IceCv    | Reached skill level 19 in Fighting
 37549 | IceCv    | Identified the ring of Poiklimed {Wiz rN+}
 37553 | IceCv    | Got the +4 spear "Ankic" {freeze, rElec Int-5 SInv,
                  | polearm}
 37558 | IceCv    | Got the ring of the Nine Spirits {Ice Drain MP+9 Dex+8
                  | Stlth+}
 38020 | Snake:4  | magus.rc [v1.9.6]
 38606 | Snake:4  | Reached skill level 8 in Dodging
 38827 | Snake:4  | Reached skill level 9 in Dodging
 39483 | Snake:4  | Got a serpentine rune of Zot
 39562 | Snake:4  | You add the spells Gell's Gravitas, Teleport Other and
                  | Dispersal to your library.
 39746 | Lair:2   | magus.rc [v1.9.6]
 39761 | Lair:2   | Reached XP level 18. HP: 111/129 MP: 32/32
 39763 | Lair:2   | Reached skill level 10 in Dodging
 40438 | Swamp:1  | Reached skill level 11 in Dodging
 40944 | Swamp:1  | magus.rc [v1.9.6]
 40972 | Swamp:2  | Identified the "Heq Epn"
 41467 | Swamp:2  | Identified the +0 scale mail "Lekiel" {Dex+4}
 41547 | Swamp:2  | Found a transporter.
 41552 | Swamp:2  | Found a transporter.
 41557 | Swamp:2  | Found a bloodstained altar of Trog.
 41558 | Swamp:2  | Noticed Ratatoo's ghost (journeyman DESu)
 41618 | Swamp:2  | Reached skill level 20 in Fighting
 41789 | Swamp:2  | Found an ancient bone altar of Kikubaaqudgha.
 42019 | Swamp:2  | magus.rc [v1.9.6]
 42178 | Swamp:3  | Reached skill level 12 in Dodging
 42863 | Swamp:4  | Entered Level 4 of the Swamp
 42901 | Swamp:4  | Noticed Mara
 42910 | Swamp:4  | Noticed MackTheKnife's illusion
 42915 | Swamp:4  | Killed Mara
 43230 | Swamp:4  | Reached skill level 13 in Dodging
 43424 | Swamp:4  | Reached XP level 19. HP: 126/135 MP: 19/33
 43448 | Swamp:4  | Reached skill level 14 in Dodging
 43802 | Swamp:4  | Got a decaying rune of Zot
 44189 | Vaults:1 | Entered Level 1 of the Vaults
 44539 | D:13     | Reached skill level 6 in Armour
 44577 | D:13     | magus.rc [v1.9.6]
 44736 | Orc:2    | Bought a book of Winter for 442 gold pieces
 44736 | Orc:2    | You pick up a book of Winter and begin reading...
 45143 | Desolati | Identified the "Uzxacocuzu"
 45143 | Desolati | Identified the "Foengor"
 45143 | Desolati | Identified the "Bupo Vyh"
 45143 | Desolati | Identified the "Boetzok"
 45143 | Desolati | Identified the "Vutheefu"
 45143 | Vaults:5 | Identified the "Jufe"
 45143 | Elf:1    | Identified the "Homaosir"
 45143 | Elf:1    | Identified the "Qamisa Sed"
 45143 | Elf:1    | Identified the of Maess
 45143 | Elf:1    | Identified the of Murupsemp
 45143 | Elf:1    | Identified the "Buerr"
 45143 | Elf:1    | Entered Level 1 of the Elven Halls
 45254 | Elf:1    | Reached skill level 7 in Armour
 45395 | Elf:1    | Reached skill level 5 in Evocations
 45542 | Elf:1    | Reached skill level 6 in Evocations
 45562 | Elf:1    | Noticed Azrael
 45571 | Elf:1    | Killed Azrael
 45684 | Elf:1    | You add the spells Kiss of Death, Iskenderun's
                  | Battlesphere, Arcjolt and Irradiate to your library.
 45691 | Elf:1    | Learned a level 5 spell: Summon Forest
 45809 | Elf:1    | Reached skill level 1 in Translocations
 46096 | Elf:1    | Reached skill level 3 in Summonings
 46109 | Elf:1    | Reached skill level 2 in Translocations
 46221 | Elf:1    | Paralysed by an air elemental for 1 turns
 46378 | Elf:1    | magus.rc [v1.9.6]
 46466 | Orc:2    | Bought fire dragon scales for 1260 gold pieces
 46573 | Lair:1   | Bought a +2 kite shield of cold resistance for 301 gold
                  | pieces
 47136 | Vaults:1 | Reached skill level 7 in Shields
 47260 | Vaults:1 | Reached skill level 8 in Armour
 47489 | Vaults:1 | Reached skill level 8 in Shields
 47523 | Vaults:1 | Reached skill level 9 in Armour
 47943 | Vaults:1 | Reached XP level 20. HP: 84/140 MP: 23/34
 47946 | Vaults:1 | Reached skill level 9 in Shields
 47965 | Vaults:1 | Reached skill level 10 in Armour
 48476 | Vaults:1 | Found Rydof's Jewellery Boutique.
 48491 | Vaults:1 | Reached skill level 10 in Shields
 49133 | Vaults:1 | Reached skill level 11 in Shields
 49324 | Vaults:1 | Bought a dazzling broad axe for 315 gold pieces
 49324 | Vaults:1 | Identified the +0 broad axe of Qazlal's Displeasure {flame,
                  | rElec rPois Stlth+} (You bought it in a shop on level 1 of
                  | the Vaults)
 49539 | Elf:2    | Found Rulynimp's Antique Armour Shop.
 49566 | Elf:2    | magus.rc [v1.9.6]
 49776 | Elf:2    | You pick up a book of Weapons and begin reading...
 49776 | Elf:2    | You add the spells Dimensional Bullseye and Iskenderun's
                  | Mystic Blast to your library.
 49818 | Elf:2    | Upgraded the game from 0.31-a0-977-gc230f8ef24 to
                  | 0.31-a0-978-g1e143483b6
 49818 | Elf:2    | magus.rc [v1.9.6]
 49848 | Elf:2    | Reached skill level 12 in Shields
 49867 | Elf:2    | Found a runed translucent gate.
 49867 | Elf:2    | Found a runed translucent gate.
 49881 | Elf:2    | Found a runed translucent gate.
 49927 | Elf:2    | Found Riac's General Store.
 49937 | Elf:2    | Bought the -2 hat of the Alchemist {rElec rPois rF+ rC+ rN+
                  | Will+ rMut rCorr} for 849 gold pieces
 49937 | Elf:2    | Found the -2 hat of the Alchemist {rElec rPois rF+ rC+ rN+
                  | Will+ rMut rCorr}
 50181 | Elf:2    | Found Tiom Nao's Assorted Antiques.
 50184 | Elf:2    | Bought a potion of haste for 220 gold pieces
 50217 | Elf:2    | Found Xatull's General Store.
 50378 | Elf:2    | Found Jitip's Magic Scroll Shop.
 50381 | Elf:2    | Bought a scroll of enchant armour for 105 gold pieces
 50516 | Elf:3    | Entered Level 3 of the Elven Halls
 51059 | Elf:3    | Reached skill level 13 in Shields
 51410 | Elf:3    | Identified the ring "Quzuqiyb" {rF+ Str+2 Int+3 SInv}
 51410 | Elf:3    | a deep elf elementalist comes into view. It is wielding the
                  | +11 plutonium sword {Contam Stlth-}, wearing a +1 robe of
                  | willpower and wearing the ring "Quzuqiyb" {rF+ Str+2 Int+3
                  | SInv}.
 51412 | Elf:3    | Aim: a deep elf elementalist, wielding the +11 plutonium
                  | sword {Contam Stlth-}, wearing a +1 robe of willpower and
                  | wearing the ring "Quzuqiyb" {rF+ Str+2 Int+3 SInv}
                  | (freezing vapour, repelling missiles, 100% to hit)
 51412 | Elf:3    | Aim: a deep elf elementalist, wielding the +11 plutonium
                  | sword {Contam Stlth-}, wearing a +1 robe of willpower and
                  | wearing the ring "Quzuqiyb" {rF+ Str+2 Int+3 SInv}
                  | (freezing vapour, repelling missiles, 100% to hit)
 51414 | Elf:3    | Aim: a deep elf elementalist, wielding the +11 plutonium
                  | sword {Contam Stlth-}, wearing a +1 robe of willpower and
                  | wearing the ring "Quzuqiyb" {rF+ Str+2 Int+3 SInv}
                  | (freezing vapour, severely wounded, repelling missiles,
                  | 100% to hit)
 51414 | Elf:3    | Aim: a deep elf elementalist, wielding the +11 plutonium
                  | sword {Contam Stlth-}, wearing a +1 robe of willpower and
                  | wearing the ring "Quzuqiyb" {rF+ Str+2 Int+3 SInv}
                  | (freezing vapour, severely wounded, repelling missiles,
                  | 100% to hit)
 51538 | Elf:3    | Identified the amulet of Kenoovve {Faith Regen+ Int+2}
 51739 | Elf:3    | Identified the ring "Noci" {EV+5 Str+5}
 51899 | Elf:3    | Identified the +7 great sword of a Gauntlet {drain, *Rage
                  | rPois Will++ Int+3}
 51964 | Elf:3    | You pick up a book of Dangerous Friends and begin
                  | reading...
 51964 | Elf:3    | You add the spells Summon Guardian Golem, Orb of
                  | Destruction and Spellforged Servitor to your library.
 51972 | Elf:3    | You add the spells Haunt, Borgnjor's Revivification and
                  | Death's Door to your library.
 52014 | Elf:3    | Identified the +2 scale mail of Shadows and Fog {+Blink
                  | +Inv Int+8 Stlth-}
 52075 | Elf:3    | Found the +5 demon whip "Spellbinder" {antimagic, disrupt,
                  | Will+}
 52106 | Elf:3    | Identified the +3 dagger "Ysorewer" {freeze, Int+2 Stlth+}
 52711 | Vaults:2 | Reached XP level 21. HP: 137/146 MP: 35/35
 52769 | Vaults:2 | Reached skill level 8 in Ice Magic
 52926 | Vaults:2 | Reached skill level 14 in Shields
 53047 | Vaults:2 | Reached skill level 7 in Air Magic
 53609 | Vaults:2 | Reached skill level 11 in Spellcasting
 53892 | Vaults:2 | You pick up a book of Dreams and begin reading...
 54220 | Vaults:2 | You pick up a book of Vapours and begin reading...
 54316 | Vaults:2 | Reached skill level 9 in Ice Magic
 55056 | Vaults:3 | Found a crumbling gateway.
 55064 | Desolati | Entered the Desolation of Salt
 55224 | Desolati | Identified the +0 chain mail of Bad Feelings {rPois rN++
                  | Str-4 Slay+3}
 55368 | Desolati | Reached skill level 8 in Air Magic
 55802 | Desolati | Identified the staff of Ecvoiz {rElec rF- rN++ Dex+3 Air}
 55812 | Desolati | You add the spells Death Channel and Infestation to your
                  | library.
 55813 | Desolati | Identified the +0 leather armour "Yqecima" {Harm}
 55818 | Desolati | Identified the +1 scale mail of Lapsec {Drain Will+ Str+4
                  | Stlth+}
 55927 | Desolati | Reached skill level 15 in Shields
 56383 | Desolati | Identified the +7 triple sword of the Whelk {venom, *Slow
                  | rPois Dex+2}
 56393 | Desolati | Reached skill level 10 in Ice Magic
 56424 | Desolati | Identified the ring of the Ten Gods {rPois Int+3}
 56428 | Desolati | Identified the +8 glaive "Esamobet" {flame, rF++ Will+
                  | rCorr Int-2}
 56432 | Desolati | You add the spells Vhi's Electric Charge and Shatter to
                  | your library.
 56438 | Desolati | Learned a level 4 spell: Vhi's Electric Charge
 56754 | Desolati | Reached skill level 12 in Spellcasting
 56848 | Vaults:3 | Reached skill level 9 in Earth Magic
 56869 | Vaults:3 | You add the spells Blink and Manifold Assault to your
                  | library.
 56957 | Vaults:3 | You pick up a book of Unlife and begin reading...
 57078 | Vaults:3 | Learned a level 6 spell: Death Channel
 57395 | Vaults:3 | Reached XP level 22. HP: 142/152 MP: 38/38
 57599 | Vaults:3 | Reached skill level 12 in Necromancy
 57837 | Vaults:3 | Reached skill level 10 in Earth Magic
 58512 | Vaults:3 | Found a staircase to the Crypt.
 58642 | Vaults:4 | Noticed Norris
 58654 | Vaults:4 | Killed Norris
 58659 | Vaults:4 | Reached skill level 13 in Necromancy
 59303 | Vaults:4 | Reached skill level 14 in Necromancy
 59303 | Vaults:4 | Reached skill level 3 in Translocations
 59608 | Vaults:4 | You pick up a book of the Wilderness and begin reading...
 59974 | Vaults:4 | Reached skill level 4 in Translocations
 60053 | Vaults:4 | Noticed Donald
 60061 | Vaults:4 | Killed Donald
 60201 | Vaults:4 | Reached skill level 5 in Translocations
 60682 | Swamp:2  | Reached skill level 6 in Translocations
 60690 | Swamp:2  | Killed Ratatoo's ghost
 60763 | Swamp:2  | Identified the +1 cloak "Tecoliet" {Str+2}
 61001 | Depths:1 | Entered Level 1 of the Depths
 61033 | Depths:1 | Noticed Nikola
 61056 | Depths:1 | Killed Nikola
 61476 | Depths:1 | Found a gateway to Hell.
 61570 | Depths:1 | Found a one-way gateway to a ziggurat.
 61704 | Depths:1 | Reached skill level 7 in Translocations
 62198 | Depths:1 | Found an ornate altar of the Wu Jian Council.
 62385 | Depths:2 | Noticed a golden dragon
 62629 | Depths:1 | Killed a golden dragon
 62630 | Depths:1 | Reached XP level 23. HP: 156/156 MP: 39/39
 62764 | Depths:2 | Noticed a caustic shrike
 63072 | Depths:2 | Reached skill level 13 in Spellcasting
 63072 | Depths:2 | Reached skill level 8 in Translocations
 63155 | Depths:2 | Noticed Grunn
 63497 | Depths:1 | Killed Grunn
 63987 | Depths:2 | Noticed a juggernaut
 64104 | Depths:2 | Identified the +7 spear of Contradiction {freeze, Dex+3}
 64106 | Depths:2 | Identified the +10 plate armour "Neojug" {rF++}
 64243 | Depths:2 | Killed a caustic shrike
 64248 | Depths:2 | Reached skill level 14 in Spellcasting
 64336 | Depths:2 | Found the +18 shield of the Gong {Loud rN+ Will+ rCorr
                  | EV-5}
 64340 | Depths:2 | Identified the +1 quarterstaff "Solez" {flame, Fragile
                  | rElec Str+5 Int+3}
 64657 | Depths:2 | Noticed a golden dragon
 64687 | Depths:2 | Killed a golden dragon
 64719 | Depths:2 | Reached skill level 11 in Armour
 65026 | Depths:2 | Reached skill level 12 in Armour
 65284 | Depths:2 | Identified the ring of the Ancients {rC+ rN+ rCorr Str+6
                  | SInv}
 65628 | Depths:2 | You pick up a book of Winter and begin reading...
 65726 | Depths:2 | Killed a juggernaut
 65859 | Depths:3 | Noticed a caustic shrike
 65872 | Depths:3 | Killed a caustic shrike
 65873 | Depths:3 | Reached skill level 13 in Armour
 65886 | Depths:3 | Noticed a golden dragon
 65889 | Depths:3 | Killed a golden dragon
 65905 | Depths:3 | Reached skill level 14 in Armour
 65914 | Depths:3 | a tengu warrior comes into view. It is wielding the +8 whip
                  | "Snakebite" {venom, curare, rPois} and wearing a +2 scale
                  | mail of positive energy.
 65917 | Depths:3 | Aim: a tengu warrior, wielding the +8 whip "Snakebite"
                  | {venom, curare, rPois} and wearing a +2 scale mail of
                  | positive energy (freezing vapour, lightly wounded, 100% to
                  | hit)
 65918 | Depths:3 | Aim: a tengu warrior, wielding the +8 whip "Snakebite"
                  | {venom, curare, rPois} and wearing a +2 scale mail of
                  | positive energy (freezing vapour, moderately wounded, 100%
                  | to hit)
 65932 | Depths:3 | Identified the +2 robe of Gehenna {Rampage +Blink Int-5}
 65959 | Depths:3 | Identified the +8 whip of Buoga {freeze, rC+ Int+6 Dex+3
                  | Stlth-}
 65972 | Depths:3 | Reached skill level 15 in Armour
 65988 | Depths:3 | Reached XP level 24. HP: 89/163 MP: 8/41
 66214 | Depths:3 | Found a one-way gate to the infinite horrors of the Abyss.
 66217 | Depths:3 | You pick up a book of Hexes and begin reading...
 66217 | Depths:3 | You add the spells Cause Fear and Enfeeble to your library.
 66224 | Depths:3 | You pick up a book of Geomancy and begin reading...
 66259 | Depths:3 | Identified the +7 great sword "Edifakkem" {elec, Str+2
                  | Int+2}
 66771 | Depths:3 | Reached skill level 16 in Armour
 67427 | Depths:3 | Noticed Mennas
 67464 | Depths:3 | Killed Mennas
 67535 | Depths:3 | Noticed Margery
 67539 | Depths:3 | Reached skill level 4 in Summonings
 67545 | Depths:3 | Killed Margery
 67880 | Depths:4 | Entered Level 4 of the Depths
 67941 | Depths:4 | Found a runed translucent gate.
 67941 | Depths:4 | Found a runed translucent gate.
 67941 | Depths:4 | Found a runed translucent gate.
 67992 | Depths:4 | Noticed Zyku Vof's ghost (veteran MfIE)
 68111 | Depths:4 | Reached skill level 5 in Summonings
 68111 | Depths:4 | Reached skill level 9 in Translocations
 68138 | Depths:4 | Noticed a juggernaut
 68156 | Depths:4 | Killed a juggernaut
 68320 | Depths:4 | Found a gate to the Realm of Zot.
 68322 | Depths:4 | Noticed Vv
 68358 | Depths:4 | HP: 38/163 [Vv (15)]
 68377 | Depths:4 | Killed Vv
 68602 | Depths:4 | Identified the ring of the Devil {Fire rPois rCorr}
 68904 | Depths:4 | Reached skill level 6 in Summonings
 69074 | Depths:4 | the Enchantress comes into view. She is wielding a +4
                  | rapier of draining, wearing the +1 faerie dragon scales
                  | {rN++ Will+ rCorr Int-4} and wearing a +0 buckler of
                  | positive energy.
 69074 | Depths:4 | Noticed the Enchantress
 69076 | Depths:4 | Aim: the Enchantress, wielding a +4 rapier of draining,
                  | wearing the +1 faerie dragon scales {rN++ Will+ rCorr
                  | Int-4} and wearing a +0 buckler of positive energy
                  | (freezing vapour, lightly wounded, repelling missiles, 100%
                  | to hit)
 69080 | Depths:4 | Killed the Enchantress
 69431 | Depths:4 | Reached skill level 10 in Translocations
 69598 | Depths:4 | Reached skill level 7 in Summonings
 69800 | Depths:4 | Killed Zyku Vof's ghost
 70392 | Vaults:5 | Entered Level 5 of the Vaults
 70445 | Vaults:5 | Reached skill level 3 in Stealth
 70450 | Vaults:5 | Reached skill level 4 in Stealth
 70462 | Vaults:5 | Reached skill level 8 in Summonings
 70463 | Vaults:5 | Reached skill level 5 in Stealth
 70473 | Vaults:5 | Reached skill level 6 in Stealth
 70482 | Vaults:5 | Reached skill level 7 in Stealth
 70500 | Vaults:5 | Reached skill level 8 in Stealth
 70547 | Vaults:5 | Reached skill level 9 in Summonings
 70556 | Vaults:5 | Reached skill level 9 in Stealth
 70616 | Vaults:5 | Reached XP level 25. HP: 117/168 MP: 41/41
 70931 | Vaults:5 | Identified a scroll of acquirement
 70932 | Vaults:5 | Identified the of Godadoh (You acquired it on level 5 of
                  | the Vaults)
 70932 | Vaults:5 | Acquired 880 gold pieces
 70933 | Vaults:5 | Noticed a dread lich
 70960 | Vaults:5 | Killed a dread lich
 70961 | Vaults:5 | Reached skill level 10 in Stealth
 71155 | Vaults:5 | Reached skill level 11 in Stealth
 71233 | Vaults:5 | Identified the +7 scimitar "Sasis" {speed, rCorr Str+5
                  | Int+4}
 71262 | Vaults:5 | Identified the +2 flail of a Million Xenops {freeze, Contam
                  | Fly rCorr Dex+2}
 71511 | Vaults:5 | Reached skill level 10 in Summonings
 71521 | Vaults:5 | Reached skill level 12 in Stealth
 71532 | Vaults:5 | Found Jootun Vurph's Distillery.
 71567 | Vaults:5 | You pick up a book of Party Tricks and begin reading...
 71571 | Vaults:5 | Bought a potion of heal wounds for 75 gold pieces
 71571 | Vaults:5 | Bought a potion of heal wounds for 75 gold pieces
 71571 | Vaults:5 | Bought a potion of cancellation for 120 gold pieces
 71753 | Vaults:5 | Identified the ring "Onwukyx" {AC+4 Slay+3 SInv}
 71778 | Vaults:5 | Reached skill level 13 in Stealth
 71885 | Vaults:5 | Reached skill level 14 in Stealth
 71903 | Vaults:5 | You pick up a book of Flames and begin reading...
 71903 | Vaults:5 | You add the spells Inner Flame and Flame Wave to your
                  | library.
 72097 | Vaults:5 | Identified the +4 plate armour of Duapp {Harm rF++ Regen+}
 72192 | Vaults:5 | Reached skill level 15 in Stealth
 72350 | Vaults:5 | Identified the +3 leather armour of the Baku {Harm rF-
                  | Int+8 Stlth+}
 72423 | Vaults:5 | Reached skill level 16 in Stealth
 72634 | Vaults:5 | Identified the +9 mace of the Last Mystics {protect, *Rage
                  | rC+++ rN+ SInv}
 72850 | Vaults:5 | You pick up a book of Burglary and begin reading...
 72881 | Vaults:5 | You pick up a book of Weapons and begin reading...
 72907 | Vaults:5 | Identified the +0 ring mail of Card Tricks {rElec}
 72937 | Vaults:5 | You add the spells Malign Gateway and Summon Horrible
                  | Things to your library.
 72946 | Vaults:5 | Learned a level 7 spell: Malign Gateway
 73229 | Vaults:5 | Got a silver rune of Zot
 73332 | Vaults:5 | You pick up a book of Frost and begin reading...
 73332 | Vaults:5 | You add the spells Freeze, Frozen Ramparts and Hailstorm to
                  | your library.
 73336 | Vaults:5 | Bought a scroll of enchant armour for 127 gold pieces
 73336 | Vaults:5 | Bought 2 scrolls of teleportation for 102 gold pieces
 73543 | Crypt:1  | Entered Level 1 of the Crypt
 73977 | Crypt:1  | Noticed a curse skull
 74664 | Crypt:1  | Reached skill level 21 in Fighting
 74943 | Crypt:1  | Killed a curse skull
 75070 | Crypt:1  | magus.rc [v1.9.6]
 75138 | Crypt:2  | Identified the +10 flail "Jellybane" {freeze, *Corrode
                  | rPois Int+3}
 75592 | Crypt:2  | Noticed a curse skull
 75610 | Crypt:2  | Killed a curse skull
 75815 | Crypt:2  | You pick up a book of Spectacle and begin reading...
 75815 | Crypt:2  | You add the spells Volatile Blastmotes and Dazzling Flash
                  | to your library.
 75943 | Crypt:3  | Entered Level 3 of the Crypt
 75943 | Crypt:3  | Noticed Zenata
 76270 | Crypt:3  | Bought a scroll of enchant armour for 105 gold pieces
 76270 | Crypt:3  | Bought a scroll of teleportation for 42 gold pieces
 76270 | Crypt:3  | Bought a scroll of summoning for 133 gold pieces
 76338 | Crypt:2  | Found a shimmering altar of Xom.
 76354 | Crypt:3  | Killed Zenata
 76576 | Crypt:3  | Found the +8 Vampire's Tooth {megavamp}
 76614 | Crypt:3  | Reached skill level 11 in Summonings
 76614 | Crypt:3  | Reached skill level 11 in Translocations
 76618 | Crypt:3  | Found a staircase to the Tomb.
 76655 | Crypt:3  | Noticed a curse skull
 77146 | Crypt:3  | Killed a curse skull
 77681 | Crypt:3  | Reached XP level 26. HP: 174/177 MP: 41/41
 77810 | Crypt:3  | Noticed an ancient lich
 78291 | Slime:1  | Entered Level 1 of the Pits of Slime
 78687 | Zot:1    | Entered Level 1 of the Realm of Zot
 78692 | Zot:1    | Noticed an electric golem
 78792 | Zot:1    | Noticed an orb of fire
 79586 | Elf:2    | Bought a scroll of brand weapon for 133 gold pieces
 79644 | Elf:2    | Bought a scroll of blinking for 135 gold pieces
 79644 | Elf:2    | Bought a scroll of summoning for 171 gold pieces
 80678 | Vaults:5 | Bought a scroll of torment for 161 gold pieces
 80700 | Vaults:5 | Identified the ring "Ozitsal" {rPois MP+9}
 81227 | Slime:5  | Identified the of Voor
 81227 | Slime:5  | Entered Level 5 of the Pits of Slime
 81279 | Slime:5  | Reached skill level 12 in Translocations
 81282 | Slime:5  | Reached skill level 12 in Summonings
 81309 | Slime:5  | Found a viscous altar of Jiyva.
 81309 | Slime:5  | Noticed the Royal Jelly
 81338 | Slime:5  | Killed the Royal Jelly
 82206 | Slime:5  | Identified the +0 chain mail of Gonav {Fly rCorr Int+2}
 82214 | Slime:5  | You pick up a book of the Senses and begin reading...
 82219 | Slime:5  | Identified the +5 scale mail "Niofruab" {Str+6 Int-3}
 82241 | Slime:5  | Identified the +4 quarterstaff of the Telling Oracle {elec,
                  | rElec Will+++ rCorr}
 82249 | Slime:5  | Got a slimy rune of Zot
 82255 | Slime:5  | Identified the +5 whip "Feytz" {freeze, Drain rC++ Str+2
                  | Dex+2}
 82271 | Slime:5  | You pick up a book of Chaos and begin reading...
 82271 | Slime:5  | You add the spells Conjure Ball Lightning, Disjunction and
                  | Discord to your library.
 82276 | Slime:5  | Identified the +5 spear of the Final Spreadsheets {freeze,
                  | rN+ Str+4}
 82293 | Slime:5  | You pick up a book of Vapours and begin reading...
 82296 | Slime:5  | Identified the +1 bardiche of Responsibility {freeze, Will-
                  | Str+6 SInv Stlth+}
 82303 | Slime:5  | You add the spells Sting and Olgreb's Toxic Radiance to
                  | your library.
 82311 | Slime:5  | You pick up a book of Air and begin reading...
 82328 | Slime:5  | Learned a level 2 spell: Blink
 82335 | Slime:5  | Learned a level 6 spell: Dispersal
 82355 | Slime:5  | Learned a level 4 spell: Passage of Golubria
 82563 | Lair:4   | Bought a scroll of blinking for 172 gold pieces
 82563 | Lair:4   | Bought a scroll of blinking for 172 gold pieces
 82563 | Lair:4   | Bought a scroll of blinking for 172 gold pieces
 82966 | Depths:4 | Gained mutation: You are frail. (-10% HP) [an orb of fire]
 82981 | Depths:3 | Lost mutation: You have a pair of small horns on your head.
                  | [potion of mutation]
 82981 | Depths:3 | Lost mutation: Your body sometimes deteriorates upon taking
                  | damage. [potion of mutation]
 82981 | Depths:3 | Gained mutation: You have hidden genetic potential. [potion
                  | of mutation]
 82981 | Depths:3 | Gained mutation: You have a beak for a mouth. [potion of
                  | mutation]
 82982 | Depths:3 | Lost mutation: You have hidden genetic potential. [potion
                  | of mutation]
 82982 | Depths:3 | Lost mutation: You have a beak for a mouth. [potion of
                  | mutation]
 82982 | Depths:3 | Lost mutation: You are frail. (-10% HP) [potion of
                  | mutation]
 82982 | Depths:3 | Gained mutation: Your muscles are very strong. (Str +8,
                  | Int/Dex -2) [potion of mutation]
 82982 | Depths:3 | Gained mutation: You expend magic power (3 MP) to
                  | strengthen your wands. [potion of mutation]
 83180 | Depths:4 | Gained mutation: Your magical capacity is low. (-10% MP)
                  | [an orb of fire]
 83204 | Depths:4 | Killed an orb of fire
 83208 | Depths:4 | Killed an electric golem
 83834 | Zot:1    | Reached skill level 13 in Summonings
 83834 | Zot:1    | Reached skill level 13 in Translocations
 83841 | Zot:2    | Noticed an electric golem
 83888 | Zot:1    | Killed an electric golem
 83943 | Zot:2    | Noticed an electric golem
 83957 | Zot:2    | Killed an electric golem
 84471 | Zot:5    | Entered Level 5 of the Realm of Zot
 84511 | Zot:5    | Identified the +1 leather armour of the Curupira {Harm}
 84832 | Zot:5    | Noticed a dread lich
 84856 | Zot:5    | Noticed an orb of fire
 84862 | Zot:5    | Killed a dread lich
 84866 | Zot:5    | Reached skill level 14 in Summonings
 84866 | Zot:5    | Reached skill level 14 in Translocations
 84872 | Zot:5    | Killed an orb of fire
 84877 | Zot:5    | Noticed a Killer Klown
 84879 | Zot:5    | Noticed a dread lich
 84879 | Zot:5    | Noticed a Killer Klown
 84881 | Zot:5    | Noticed a Killer Klown
 84889 | Zot:5    | Killed a Killer Klown
 84894 | Zot:5    | Killed a Killer Klown
 84897 | Zot:5    | Noticed a Killer Klown
 84898 | Zot:5    | Noticed a dread lich
 84905 | Zot:5    | Killed a Killer Klown
 84952 | Zot:5    | Killed a Killer Klown
 85368 | Zot:5    | Noticed a dread lich
 85371 | Zot:5    | Noticed a dread lich
 85389 | Zot:5    | Killed a dread lich
 85420 | Zot:5    | Killed a dread lich
 85588 | Zot:5    | Noticed a dread lich
 85588 | Zot:5    | Noticed an electric golem
 85615 | Zot:5    | Gained mutation: You occasionally shout uncontrollably at
                  | your foes. [mutagenic glow]
 85621 | Zot:5    | Killed a dread lich
 85630 | Zot:5    | Killed an electric golem
 85631 | Zot:5    | Reached XP level 27. HP: 111/182 MP: 30/36
 85847 | Zot:5    | Killed a dread lich
 85853 | Zot:5    | Noticed an electric golem
 85905 | Zot:5    | Killed an electric golem
 85935 | Zot:5    | Noticed an orb of fire
 86029 | Zot:5    | Noticed an electric golem
 86030 | Zot:5    | Got the Orb of Zot
 86038 | Zot:5    | Killed an electric golem
 86353 | Depths:1 | Noticed Plog the pandemonium lord
 86369 | Depths:1 | Noticed Juzoeg the pandemonium lord
 86407 | D:14     | Noticed Hasal the pandemonium lord
 86711 | D:$      | Escaped with the Orb!

Vanquished Creatures
  the Royal Jelly (Slime:5)
  3 dread liches
  Mennas (Depths:3)
  An orb of fire (Depths:4)
  Mara (Swamp:4)
  2 juggernauts
  The ghost of Zyku Vof the Eclecticist, a veteran MfIE of Vehumet (Depths:4)
  Vv (Depths:4)
  A Killer Klown (Zot:5)
  Vashnia (Snake:2)
  Margery (Depths:3)
  2 caustic shrikes
  Norris (Vaults:4)
  4 golden dragons
  Nikola (Depths:1)
  2 bone dragons
  the Enchantress (Depths:4)
  3 doom hounds
  2 electric golems
  10 tentacled monstrosities
  2 walking crystal tomes
  An Ice Fiend (Depths:4)
  2 walking earthen tomes
  11 Orb Guardians
  Grunn (Depths:1)
  4 liches
  3 quicksilver dragons
  7 sphinxes
  4 deep elf blademasters (Elf:3)
  4 deep elf master archers (Elf:3)
  4 titans (Vaults:5)
  4 ancient champions
  13 acid blobs
  An Executioner (Zot:3)
  A death cob (Zot:3)
  2 thorn hunters (Swamp:4)
  3 shadow dragons
  11 tengu reavers
  5 nagarajas (Snake:4)
  Donald (Vaults:4)
  12 storm dragons
  8 rockslimes
  2 revenants
  A draconian knight (Zot:3)
  10 azure jellies
  8 fire giants
  3 iron dragons
  2 draconian shifters
  8 frost giants
  5 deep elf sorcerers
  A caustic shrike zombie (Crypt:2)
  17 vault wardens
  3 curse skulls
  5 deep elf elementalists (Elf:3)
  2 orc warlords
  4 imperial myrmidons (Desolation)
  6 ghouls
  5 spriggan defenders
  2 war gargoyles
  A draconian annihilator (Zot:3)
  22 ironbound preservers
  3 very ugly things
  12 quicksilver oozes
  9 stone giants
  2 formless jellyfish
  A green draconian (Depths:4)
  10 ironbound thunderhulks
  4 deep elf demonologists
  3 vampire knights
  5 eleionomae
  2 white draconians
  2 red draconians
  3 bunyips
  2 black draconians (Depths:4)
  2 halazid warlocks (Desolation)
  A purple draconian (Zot:3)
  6 dire elephants
  5 yellow draconians
  Azrael (Elf:1)
  3 spark wasps
  7 deep elf annihilators
  8 deep elf death magi
  4 eidola
  A green death (D:3)
  11 ettins
  4 crystal guardians
  A merfolk javelineer (Depths:4)
  A blizzard demon (Depths:4)
  Josephine (D:10)
  7 deep elf high priests
  2 shambling mangroves (Swamp:4)
  2 fire dragons
  3 jiangshi
  3 entropy weavers
  3 rakshasas
  8 ragged hierophants (Desolation)
  A salamander tyrant (Snake:4)
  11 yaktaur captains
  A great orb of eyes (shapeshifter) (Vaults:5)
  Harold (Lair:2)
  2 ice dragons
  An ogre mage (Vaults:5)
  15 hydras
  26 vault guards
  4 servants of whispers (Desolation)
  8 peacekeepers
  7 great orbs of eyes
  7 spriggan air magi
  An Orb Guardian zombie (Crypt:2)
  13 alligators
  3 demonspawn (Orc:2)
  A hell beast (Depths:3)
  11 ironbound frosthearts
  3 catoblepae
  4 ghost crabs
  6 boulder beetles
  8 centaur warriors
  11 anacondas
  A deep troll shaman (Depths:2)
  3 two-headed ogres
  10 dancing weapons
  A sphinx skeleton (Vaults:2)
  4 death knights
  3 vampire magi
  2 hell hogs
  2 death yaks (Lair:3)
  9 naga warriors
  7 deep troll earth magi
  7 shock serpents
  4 tengu warriors
  7 spriggan berserkers
  3 demonic crawlers (Elf:1)
  A sun demon (Orc:2)
  17 naga sharpshooters
  6 orc high priests (Orc:2)
  2 occultists
  A titan zombie (Vaults:4)
  A storm dragon zombie (Depths:2)
  8 deep elf knights
  7 iron trolls
  23 hell knights
  4 skysharks (Vaults:4)
  Amaemon (Lair:3)
  2 sixfirhies
  20 skeletal warriors
  5 salamander mystics (Snake:4)
  A goliath frog (shapeshifter) (Vaults:5)
  6 goliath frogs
  2 shadow wraiths
  4 spriggan druids
  A death drake (shapeshifter) (Depths:3)
  9 swamp dragons
  3 glowing orange brains
  A shadow demon (D:3)
  4 flayed ghosts
  A shadow dragon zombie (Crypt:1)
  An orb spider (shapeshifter) (Elf:1)
  8 arcanists
  5 naga ritualists
  9 deep elf archers
  A glowing orange brain (shapeshifter) (Vaults:5)
  5 large abominations
  53 deep trolls
  9 phantasmal warriors
  16 bog bodies
  3 bunyip skeletons (Swamp:2)
  A tengu zombie (Depths:2)
  A lindwurm (shapeshifter) (D:14)
  An oklob plant (D:11)
  16 ironbound convokers
  13 lindwurms
  An orange crystal statue (IceCv)
  18 necromancers
  11 orc knights
  A wolf spider zombie (Crypt:3)
  28 deep elf pyromancers
  9 mana vipers
  5 will-o-the-wisps
  A stone giant zombie (Crypt:1)
  12 orc sorcerers
  31 ugly things
  A human zombie (Vaults:4)
  2 iron dragon skeletons
  2 shining eyes
  14 deep elf zephyrmancers
  An iron dragon zombie (Crypt:1)
  A frost giant zombie (Crypt:1)
  A tengu skeleton (Vaults:2)
  A goliath frog zombie (Crypt:3)
  3 manticores
  5 cyclopes
  A human skeleton (Vaults:2)
  13 salamanders
  A black mamba (shapeshifter) (Depths:3)
  A shock serpent zombie (Crypt:3)
  A fire giant zombie (Depths:1)
  5 elephants (Lair:4)
  6 guardian serpents
  18 naga magi
  25 vault sentinels
  35 black mambas
  3 titan simulacra (Depths:4)
  Joseph (Lair:1)
  14 moths of wrath
  An eye of devastation (Slime:5)
  A molten gargoyle (Desolation)
  4 unseen horrors
  An orange demon (Lair:3)
  13 cane toads
  3 torpor snails
  A pale draconian zombie (Crypt:2)
  3 nameless horrors (Zot:5)
  A kobold demonologist (D:11)
  9 komodo dragons
  8 freezing wraiths
  2 rime drakes
  A yaktaur skeleton (Vaults:2)
  2 ice devils (Depths:4)
  38 yaktaurs
  A mana viper zombie (Crypt:3)
  4 guardian mummies (Crypt:3)
  3 tengu conjurers
  A troll (D:10)
  A grey draconian skeleton (Crypt:3)
  A merfolk (shapeshifter) (Depths:2)
  2 tengu simulacra
  A queen bee (Gauntlet)
  4 bloated husks
  5 tyrant leeches
  A hellwing (Orc:2)
  4 polar bears
  A glass eye (shapeshifter) (Depths:3)
  An iron troll skeleton (Crypt:2)
  3 glass eyes
  15 blink frogs
  52 saltlings (Desolation)
  13 dream sheep
  16 hornets
  A deep troll zombie (Vaults:2)
  79 slime creatures
  6 flying skulls (Crypt:1)
  2 frost giant simulacra
  2 culicivoras (shapeshifter)
  A jumping spider (shapeshifter) (D:15)
  26 spriggans
  2 air elementals (Elf:1)
  A shadow (D:12)
  An ettin skeleton (Crypt:3)
  A vampire (D:12)
  6 wyverns
  4 water elementals
  6 basilisks
  An elf zombie (Vaults:2)
  10 wraiths
  4 fire elementals
  A hog (shapeshifter) (D:14)
  2 fire bats (Gauntlet)
  40 yaks
  17 humans (D:13)
  2 redbacks
  8 small abominations (Depths:4)
  7 golden eyes
  A human (shapeshifter) (D:14)
  A steam dragon (D:8)
  A chaos spawn (Depths:4)
  17 vampire mosquitoes
  22 nagas
  5 great orb of eyes simulacra (IceCv)
  A warg (Orc:2)
  An acid dragon (D:8)
  11 swamp worms
  13 water moccasins
  A deep troll skeleton (Crypt:3)
  6 hell hounds
  40 orc warriors
  2 black bears (Lair:5)
  A cane toad skeleton (Crypt:1)
  A sky beast (D:7)
  A black bear (shapeshifter) (Elf:1)
  4 spriggan simulacra
  An ettin simulacrum (Vaults:2)
  A hornet zombie (Swamp:2)
  10 swamp drakes
  A deep troll simulacrum (Vaults:2)
  A tengu (shapeshifter) (Elf:2)
  6 ogres
  27 wolves
  8 boggarts
  A hog zombie (Crypt:1)
  8 centaurs
  4 slime creature simulacra (IceCv)
  3 phantoms
  A kobold brigand (D:9)
  A vine stalker zombie (Crypt:1)
  5 necrophages
  A scorpion (D:6)
  A cyclops zombie (Crypt:2)
  18 bullfrogs
  2 salamander skeletons
  6 glowing shapeshifter simulacra (IceCv)
  9 wights
  A cyclops skeleton (Crypt:3)
  11 killer bees
  A troll skeleton (Crypt:2)
  3 electric eels
  7 howler monkeys
  A basilisk zombie (Crypt:3)
  5 hounds
  7 jellies
  Crazy Yiuf (D:2)
  27 orc priests
  4 gnoll boudas
  2 iguanas
  A black bear skeleton (Crypt:2)
  A sleepcap (D:5)
  24 orc wizards
  Terence (D:2)
  14 gnolls
  A river rat (D:4)
  11 adders
  A shadow imp (D:5)
  A white imp (D:5)
  4 worms
  A worm (shapeshifter) (Depths:3)
  2 dart slugs (D:3)
  79 orcs
  13 endoplasms
  7 giant cockroaches
  3 hobgoblins
  12 jackals
  2 quokkas (D:1)
  8 ball pythons
  5 bats
  7 frilled lizards
  A frilled lizard skeleton (Crypt:1)
  10 goblins
  A goblin skeleton (Crypt:1)
  15 kobolds
  4 rats (D:1)
2135 creatures vanquished.

Vanquished Creatures (collateral kills)
  2 dread liches (Zot:5)
  A Killer Klown (Zot:5)
  A golden dragon (Depths:3)
  4 electric golems
  Zenata (Crypt:3)
  5 tentacled monstrosities
  A lich (Vaults:5)
  5 Orb Guardians (Zot:5)
  A sphinx (Depths:3)
  3 acid blobs (Slime:5)
  A tengu reaver (Depths:3)
  A shadow dragon (Vaults:5)
  A storm dragon (Zot:5)
  An azure jelly (Slime:5)
  2 rockslimes (Slime:5)
  A draconian knight (Zot:5)
  2 frost giants
  2 fire giants (Depths:3)
  A draconian scorcher (Zot:3)
  A draconian shifter (Zot:2)
  An angel (Zot:1)
  A very ugly thing (Depths:3)
  2 war gargoyles (Vaults:5)
  A vampire knight (Depths:4)
  4 stone giants
  The ghost of Ratatoo the Convoker, a journeyman DESu of Gozag (Swamp:2)
  A reaper (Zot:4)
  An ironbound preserver (Vaults:5)
  A black draconian (Zot:1)
  A red draconian (Zot:5)
  A purple draconian (Zot:2)
  An ice dragon (Depths:3)
  3 yaktaur captains (Vaults:5)
  6 vault guards (Vaults:5)
  An ironbound frostheart (Vaults:5)
  A spriggan berserker (Depths:3)
  A hell knight (Vaults:5)
  A deep elf knight (Vaults:5)
  A sixfirhy (Zot:5)
  2 iron trolls
  2 ironbound convokers (Vaults:5)
  A deep elf pyromancer (Vaults:5)
  An ugly thing (Vaults:4)
  2 moths of wrath
  2 eyes of devastation (Slime:5)
  An orange demon (Zot:5)
  A rime drake (Lair:1)
  A yaktaur (shapeshifter) (Vaults:5)
  A yaktaur (Vaults:4)
  A freezing wraith (Vaults:5)
  A shadow dragon simulacrum (Depths:4)
  13 slime creatures
  A spriggan (Swamp:2)
  A large abomination (Zot:3)
  A human skeleton (Depths:2)
  An orc wizard (D:10)
  8 boulders
108 creatures vanquished.

Vanquished Creatures (others)
  2 dread liches (Zot:5)
  An orb of fire (Zot:5)
  2 Killer Klowns (Zot:5)
  5 Orb Guardians (Zot:5)
  A death cob (Zot:5)
  9 eldritch tentacles
  A draconian monk (Zot:5)
  2 fire giants
  A black draconian (Zot:5)
  A stone giant (Depths:1)
  A vault guard (Vaults:5)
  An ice dragon (Zot:5)
  An ugly thing (Snake:4)
  A tengu skeleton (Depths:1)
  A nameless horror (Depths:1)
  A bloated husk (Swamp:1)
  2 swamp worms
  5 boulders
  12 foxfires
50 creatures vanquished.

Grand Total: 2293 creatures vanquished

Table legend:
 A = Non-vault XP
 B = Vault XP
 C = Vault XP percentage of total XP
 D = Non-vault monster count
 E = Vault monster count
 F = Vault count percentage of total count
                 A         B        C        D         E       F
            +---------+---------+-------+---------+---------+-------
      Total |  585293 |  697244 |  54.4 |    1252 |     960 |  43.4
            +---------+---------+-------+---------+---------+-------
        D:1 |      48 |       0 |   0.0 |      29 |       0 |   0.0
        D:2 |      70 |      79 |  53.0 |      15 |       7 |  31.8
        D:3 |      52 |       3 |   5.5 |      18 |       2 |  10.0
        D:4 |     404 |      33 |   7.6 |      17 |       5 |  22.7
        D:5 |     507 |     146 |  22.4 |      20 |       2 |   9.1
        D:6 |     803 |     352 |  30.5 |      12 |       3 |  20.0
        D:7 |    1766 |       0 |   0.0 |      29 |       0 |   0.0
        D:8 |     908 |       0 |   0.0 |      16 |       0 |   0.0
        D:9 |    2437 |       0 |   0.0 |      28 |       0 |   0.0
       D:10 |    1078 |    1530 |  58.7 |      20 |       4 |  16.7
       D:11 |    4127 |    1298 |  23.9 |      16 |       9 |  36.0
       D:12 |    4166 |       0 |   0.0 |      12 |       0 |   0.0
       D:13 |    6136 |   12191 |  66.5 |      13 |      28 |  68.3
       D:14 |    8668 |       0 |   0.0 |      20 |       0 |   0.0
       D:15 |    7658 |    3268 |  29.9 |      20 |       5 |  20.0
     Lair:1 |    4520 |     450 |   9.1 |      20 |       1 |   4.8
     Lair:2 |    5657 |    2585 |  31.4 |      22 |       9 |  29.0
     Lair:3 |    7088 |    2537 |  26.4 |      24 |       6 |  20.0
     Lair:4 |    8617 |     257 |   2.9 |      30 |       8 |  21.1
     Lair:5 |   12375 |    8472 |  40.6 |      46 |      44 |  48.9
    Swamp:1 |    9761 |    5762 |  37.1 |      22 |       8 |  26.7
    Swamp:2 |   10199 |   12649 |  55.4 |      23 |      22 |  48.9
    Swamp:3 |   13776 |       0 |   0.0 |      23 |       0 |   0.0
    Swamp:4 |   10300 |   25322 |  71.1 |      18 |      33 |  64.7
    Snake:1 |   12585 |       0 |   0.0 |      24 |       0 |   0.0
    Snake:2 |   10822 |    5265 |  32.7 |      21 |       4 |  16.0
    Snake:3 |   15442 |       0 |   0.0 |      26 |       0 |   0.0
    Snake:4 |   13927 |   38484 |  73.4 |      25 |      62 |  71.3
    Slime:1 |    6141 |       0 |   0.0 |       9 |       0 |   0.0
    Slime:2 |    8727 |       0 |   0.0 |      18 |       0 |   0.0
    Slime:3 |    4252 |       0 |   0.0 |      10 |       0 |   0.0
    Slime:4 |    1688 |     959 |  36.2 |       3 |       4 |  57.1
    Slime:5 |   17543 |   17858 |  50.4 |      35 |      12 |  25.5
      Orc:1 |    3029 |       0 |   0.0 |      30 |       0 |   0.0
      Orc:2 |    3762 |   18278 |  82.9 |      24 |      86 |  78.2
      Elf:1 |   14465 |   12288 |  45.9 |      26 |      24 |  48.0
      Elf:2 |   17916 |    3132 |  14.9 |      28 |       4 |  12.5
      Elf:3 |    4703 |   32072 |  87.2 |       9 |      26 |  74.3
   Vaults:1 |   28931 |   39555 |  57.8 |      50 |      47 |  48.5
   Vaults:2 |   29192 |   29238 |  50.0 |      53 |      41 |  43.6
   Vaults:3 |   15576 |   19074 |  55.0 |      21 |      27 |  56.2
   Vaults:4 |   35759 |   21069 |  37.1 |      52 |      24 |  31.6
   Vaults:5 |   18294 |  106236 |  85.3 |      20 |      99 |  83.2
    Crypt:1 |   20865 |       0 |   0.0 |      40 |       0 |   0.0
    Crypt:2 |   16483 |    2294 |  12.2 |      28 |       2 |   6.7
    Crypt:3 |   17354 |   11381 |  39.6 |      26 |      11 |  29.7
   Depths:1 |   29499 |   18532 |  38.6 |      40 |      13 |  24.5
   Depths:2 |   25435 |   31019 |  54.9 |      33 |      23 |  41.1
   Depths:3 |   15057 |   67858 |  81.8 |      18 |      55 |  75.3
   Depths:4 |   30426 |   35188 |  53.6 |      27 |      45 |  62.5
      Zot:1 |    5405 |    1404 |  20.6 |       5 |       1 |  16.7
      Zot:2 |    9047 |     995 |   9.9 |       8 |       1 |  11.1
      Zot:3 |   10181 |       0 |   0.0 |       8 |       0 |   0.0
      Zot:4 |    6876 |       0 |   0.0 |       6 |       0 |   0.0
      Zot:5 |   14790 |   51969 |  77.8 |      16 |      24 |  60.0
      Sewer |       0 |      20 | 100.0 |       0 |       7 | 100.0
      IceCv |       0 |   15693 | 100.0 |       0 |      30 | 100.0
 Desolation |       0 |   38363 | 100.0 |       0 |      81 | 100.0
   Gauntlet |       0 |    2086 | 100.0 |       0 |      11 | 100.0
            +---------+---------+-------+---------+---------+-------

Skill      XL: |  1  2  3  4  5  6  7  8  9 10 11 12 13 14 15 16 17 18 19 20 21 22 23 24 25 26 |
---------------+-------------------------------------------------------------------------------+-----
Fighting       | 1 2 6 8 10 12 16 19 20 21 | 21.0
Earth Magic    | 4 5 6 8 9 10 | 10.0
Summonings     | 1 2 3 9 11 14 | 14.9
Spellcasting   | 3 4 6 8 9 10 12 14 | 14.0
Conjurations   | 1 3 4 8 9 12 | 12.0
Armour         | 3 4 5 9 10 15 16 | 16.0
Dodging        | 2 4 7 9 13 14 | 14.0
Shields        | 6 8 13 15 | 15.0
Evocations     | 4 6 |  6.3
Ice Magic      | 4 7 10 | 10.0
Air Magic      | 4 6 8 |  8.0
Maces & Flails | 8 11 12 | 12.0
Necromancy     | 4 6 11 14 | 14.0
Translocations | 2 7 8 10 11 14 | 14.9
Stealth        | 9 16 | 16.2
Transmutations | |  0.7

Action                     |  1- 3 |  4- 6 |  7- 9 | 10-12 | 13-15 | 16-18 | 19-21 | 22-24 | 25-27 || total
---------------------------+-------+-------+-------+-------+-------+-------+-------+-------+-------++-------
  Melee: Dagger            |    15 |       |       |       |       |       |       |       |       ||    15
         Short sword       |       |    28 |    35 |    76 |    65 |    11 |     8 |       |       ||   223
         Punch             |       |       |     1 |       |       |       |       |       |       ||     1
         Demon whip        |       |       |       |       |    88 |    42 |  1249 |  1064 |  1505 ||  3948
         Headbutt          |       |       |       |       |    18 |    11 |   471 |   463 |   551 ||  1514
  Throw: Dart              |       |       |       |    12 |       |       |       |       |       ||    12
   Cast: Sandblast         |    57 |    79 |    89 |   137 |    14 |     1 |       |       |       ||   377
         Call Imp          |       |    12 |    11 |    17 |     1 |     1 |       |       |       ||    42
         Stone Arrow       |       |       |    50 |   226 |   483 |   560 |    38 |     9 |     1 ||  1367
         Brom's Barrelling |       |       |       |    27 |     2 |       |       |       |       ||    29
         Freezing Cloud    |       |       |       |       |   119 |   157 |    86 |    98 |    46 ||   506
         Borgnjor's Vile C |       |       |       |       |    16 |   135 |   206 |   278 |   167 ||   802
         Death Channel     |       |       |       |       |       |       |       |    17 |    18 ||    35
         Summon Forest     |       |       |       |       |       |       |       |     8 |     4 ||    12
         Vhi's Electric Ch |       |       |       |       |       |       |       |     6 |    13 ||    19
         Malign Gateway    |       |       |       |       |       |       |       |       |     9 ||     9
 Invoke: Call Merchant     |       |       |     1 |     1 |     1 |     1 |     1 |       |     4 ||     9
         Potion Petition   |       |       |       |       |     2 |       |       |       |       ||     2
         Bribe Branch      |       |       |       |       |       |       |       |       |     2 ||     2
  Evoke: Wand              |       |       |       |     9 |     4 |     2 |     8 |     8 |     8 ||    39
         Phial of floods   |       |       |       |       |       |     1 |       |     2 |       ||     3
         Box of beasts     |       |       |       |       |       |       |       |       |     1 ||     1
         Phantom mirror    |       |       |       |       |       |       |       |       |     1 ||     1
         Tin of tremorston |       |       |       |       |       |       |       |       |     2 ||     2
    Use: Scroll            |       |       |    10 |     7 |    21 |     3 |    15 |    16 |    35 ||   107
         Potion            |       |       |       |       |     2 |       |     1 |     5 |    24 ||    32
   Stab: Paralysed         |       |       |       |     2 |     2 |       |     3 |     1 |       ||     8
         Sleeping          |       |       |       |       |     1 |       |     1 |       |    13 ||    15
         Distracted        |       |       |       |       |       |     1 |    12 |     9 |    24 ||    46
 Armour: Robe              |    24 |    21 |    50 |       |       |       |       |       |       ||    95
         Leather armour    |       |       |    21 |   165 |   245 |   393 |    96 |       |       ||   920
         Fire dragon scale |       |       |       |       |       |       |   452 |   609 |   728 ||  1789
  Dodge: Dodged            |    30 |    33 |    56 |   201 |   231 |   269 |   563 |   389 |   558 ||  2330
  Block: Buckler           |       |       |     2 |   101 |    92 |   121 |   136 |       |       ||   452
         Kite shield       |       |       |       |       |       |       |   427 |   618 |   873 ||  1918

Illustrated notes

Table legend:
 A = Kills in this place as a percentage of kills in the entire game.
 B = Kills by you in this place as a percentage of kills by you in the entire game.
 C = Kills by friends in this place as a percentage of kills by friends in the entire game.
 D = Other kills in this place as a percentage of other kills in the entire game.
 E = Experience gained in this place as a percentage of experience gained in the entire game.
 F = Experience gained in this place divided by the number of levels of this place that you have seen.
                   A       B       C       D       E      F
               +-------+-------+-------+-------+-------+----------------------
         Total | 100.0 | 100.0 | 100.0 | 100.0 | 100.0 | 21519.8
       Dungeon |  15.8 |  16.6 |   1.0 |   0.0 |   4.6 | 3958.1
          Lair |   9.5 |   9.9 |   1.0 |   0.0 |   4.1 | 10511.6
         Swamp |   6.7 |   6.8 |   3.0 |  22.2 |   6.8 | 21942.2
     Snake Pit |   7.3 |   7.6 |   0.0 |  11.1 |   7.5 | 24131.2
    Slime Pits |   4.1 |   3.3 |  21.2 |   0.0 |   4.4 | 11433.6
  Orcish Mines |   6.3 |   6.6 |   0.0 |   0.0 |   1.9 | 12534.5
   Elven Halls |   5.3 |   5.5 |   0.0 |   0.0 |   6.6 | 28192.0
        Vaults |  19.5 |  19.3 |  25.3 |  22.2 |  26.6 | 68584.8
         Crypt |   4.8 |   5.0 |   1.0 |   0.0 |   5.3 | 22792.3
        Depths |  11.5 |  10.8 |  23.2 |  33.3 |  19.7 | 63696.0
           Zot |   3.4 |   2.4 |  24.2 |  11.1 |   8.2 | 21181.2
         Sewer |   0.3 |   0.3 |   0.0 |   0.0 |   0.0 |  20.0
      Ice Cave |   1.4 |   1.4 |   0.0 |   0.0 |   1.2 | 15693.0
    Desolation |   3.6 |   3.8 |   0.0 |   0.0 |   3.0 | 38363.0
      Gauntlet |   0.5 |   0.5 |   0.0 |   0.0 |   0.2 | 2086.0
               +-------+-------+-------+-------+-------+----------------------

Table legend: (Time is in decaauts)
 A = Elapsed time spent in this place.
 B = Non-inter-level travel time spent in this place.
 C = Inter-level travel time spent in this place.
 D = Time resting spent in this place.
 E = Time spent auto-exploring this place.
 F = Levels seen in this place.
 G = Mean time per level.
                   A        B        C        D        E       F      G
               +--------+--------+--------+--------+--------+-----+--------+
         Total |  85353 |  76008 |   9345 |  17161 |  41369 |  60 | 1422.6 |
       Dungeon |  23005 |  19232 |   3773 |   3937 |  11662 |  15 | 1533.7 |
        Temple |      1 |      1 |      0 |      0 |      0 |   1 |    1.0 |
          Lair |   8983 |   7420 |   1563 |   1234 |   4705 |   5 | 1796.6 |
         Swamp |   4430 |   4180 |    250 |    341 |   3063 |   4 | 1107.5 |
     Snake Pit |   6584 |   6273 |    311 |    788 |   4378 |   4 | 1646.0 |
    Slime Pits |   1991 |   1866 |    125 |    731 |    309 |   5 |  398.2 |
  Orcish Mines |   3639 |   3021 |    618 |    721 |   1522 |   2 | 1819.5 |
   Elven Halls |   4203 |   3850 |    353 |    782 |   2296 |   3 | 1401.0 |
        Vaults |  12259 |  11446 |    813 |   3270 |   5664 |   5 | 2451.8 |
         Crypt |   3996 |   3794 |    202 |   1074 |   1837 |   3 | 1332.0 |
        Depths |  10502 |   9218 |   1284 |   2772 |   4176 |   4 | 2625.5 |
           Zot |   2351 |   2301 |     50 |    921 |    288 |   5 |  470.2 |
         Sewer |    192 |    192 |      0 |     21 |     69 |   1 |  192.0 |
      Ice Cave |   1135 |   1135 |      0 |     98 |    657 |   1 | 1135.0 |
    Desolation |   1570 |   1570 |      0 |    293 |    586 |   1 | 1570.0 |
      Gauntlet |    505 |    505 |      0 |    177 |    155 |   1 |  505.0 |
               +--------+--------+--------+--------+--------+-----+--------+

Top non-repeatable levels by time:
Depths:4: 3240 daAuts
Vaults:5: 3059 daAuts
Depths:1: 2933 daAuts
   Orc:2: 2821 daAuts
Vaults:1: 2648 daAuts
    D:13: 2626 daAuts
Vaults:2: 2438 daAuts
Depths:3: 2327 daAuts
Vaults:3: 2234 daAuts
 Snake:4: 2178 daAuts
    D:11: 2140 daAuts
  Lair:5: 2125 daAuts
Depths:2: 2001 daAuts
  Lair:2: 1953 daAuts
Vaults:4: 1878 daAuts
